Cogmind - Beta 16 @@@ ROGUE MODE // 2025.10.25 @ 14:01:23 Player: Savant Result: Destroyed by Executioner with Helical Railgun Performance ------------- Evolutions (8) 4000 Regions Visited (26) 5200 Robots Destroyed (569) 2845 Value Destroyed (34121) 34121 Prototype IDs (166) 3320 Alien Tech Used (5) 1000 Bonus (25070) 25070 TOTAL SCORE: 75556 Bonus ------- High Alert Combat Kills 12345 Follower Combat Kills 6316 Entered Garrisons 1000 Used RIF Installer 3500 Registered with UFD 300 Met Optimus in HQ 500 Scanned by Researcher 500 Met Optimus at Protoforge 1000 Friendly Fire -391 Cogmind --------- Core Integrity 0/1450 Matter 113/300 Energy 51/650 System Corruption 53% Temperature Cool (7) Movement Walking (91) Location -2/Protoforge Parts ------- > --- POWER (3) -------- Micro Antimatter Reactor (fused) Improved Quantum Reactor Improved Quantum Reactor > --- PROPULSION (6) --- Enhanced Biometal Leg Enhanced Biometal Leg Enhanced Biometal Leg Experimental Biometal Leg Experimental VSS Leg Experimental VSS Leg > --- UTILITY (11) ----- Scrap Suit Huge Storage Unit Quantum Shading Machine (fused) Experimental Optical Array Experimental Targeting Computer Experimental Core Analyzer Concept Recoil Nullifier Advanced Kinecellerator Centrium Light Armor Plating Improved Remote Force Field > --- WEAPON (3) ------- Concept XC Strikerail Overtuned Linear Accelerator Overtuned Linear Accelerator > --- INVENTORY (25) --- Improved Quantum Reactor Improved Quantum Reactor Enhanced Biometal Leg Experimental Heat Sink Experimental Cooling System Experimental Coolant Injector Energy Well (350) Advanced Kinecellerator Experimental Reaction Control System Centrium Light Armor Plating Centrium Light Armor Plating Centrium Medium Armor Plating Experimental EM Shield Concept Antimissile System Dimensional Node Initializer Compact HERF Cannon Helical Railgun Multirail Overtuned Linear Accelerator Compact Linear Accelerator Compact Linear Accelerator Compact Linear Accelerator Z-bomb Delivery System Peak State ------------ > --- POWER ------------ Improved Quantum Reactor Improved Quantum Reactor Improved Quantum Reactor > --- PROPULSION ------- Experimental Myomer Leg Experimental Myomer Leg Experimental Myomer Leg Centrium Leg High-density Centrium Leg Experimental VSS Leg > --- UTILITY ---------- Experimental Heat Sink Experimental Cooling System Huge Storage Unit Quantum Shading Machine Experimental Core Analyzer Experimental Kinecellerator Experimental Weapon Cycler Concept Core Shell Centrium Heavy Armor Plating Graphene Brace > --- WEAPON ----------- Enhanced Nova Cannon Concept XC Strikerail Graviton Cannon > --- INVENTORY -------- Experimental Myomer Leg Experimental Myomer Leg Experimental Myomer Leg Experimental Myomer Leg Experimental Biometal Leg Experimental Biometal Leg Experimental VSS Leg Experimental VSS Leg Energy Well Experimental Terrain Scan Processor Experimental Cloaking Device Experimental Propulsion Shielding Centrium Medium Armor Plating Experimental EM Shield Experimental Remote Shield Concept Antimissile System Dimensional Node Initializer Compact HERF Cannon Multirail Graviton Cannon Z-bomb Delivery System Advanced Remote Datajack Sigix Broadsword [Rating: 234] Favorites ----------- Power Light Quantum Reactor Engine Deuterium Engine Power Core Micro Fission Core Reactor Light Quantum Reactor Propulsion Experimental Myomer Leg Treads Armored Treads Leg Experimental Myomer Leg Wheel Armored Wheel Hover Unit Combat Antigrav System Flight Unit Improved VTOL Module Utility Huge Storage Unit Device Graphene Brace Storage Huge Storage Unit Processor Advanced Targeting Computer Hackware Hacking Suite Protection Hardened Medium Armor Plating Weapon Advanced Remote Datajack Energy Gun Field Laser Energy Cannon Compact HERF Cannon Ballistic Gun Concept XC Strikerail Ballistic Cannon Linear Accelerator Launcher Precision Rocket Launcher Special Weapon Advanced Remote Datajack Impact Weapon Heavy Hammer Slashing Weapon Sigix Broadsword Special Melee Weapon Improved Datajack Build | -11 -10 -10 -9 -9 -8 -8 -8 -8 -6 -6 -6 -6 -5 -5 -5 -5 -4 -4 -4 -4 -3 -3 -3 -2 -2 -2 ------- Run | Yrd Mat Min Mat Min Mat Sto Rec Scr Fac Gar Fac Gar Fac Was Fac Gar Fac Was Fac Gar Res Qua Gar Res Tes Frg Slots Evolved 16 | . . . 2 . 2 . . . 4 . . . 2 . . . 2 . . . 2 . . 2 . . Power 2 | . . . . . . . . . . . . . 1 . . . . . . . . . . 1 . . Propulsion 4 | . . . 1 . 1 . . . . . . . . . . . 1 . . . 1 . . . . . Utility 9 | . . . 1 . 1 . . . 3 . . . 1 . . . 1 . . . 1 . . 1 . . Weapon 1 | . . . . . . . . . 1 . . . . . . . . . . . . . . . . . Parts Attached 364 | 7 10 2 8 4 13 12 . 5 21 14 16 8 15 4 23 17 17 4 1 9 14 7 23 7 26 77 Power 45 | 1 1 . 1 . 2 2 . . 2 1 2 . 2 1 3 3 . 1 . . 2 . 2 1 5 13 Engine 9 | 1 1 . 1 . 1 2 . . 2 . 1 . . . . . . . . . . . . . . . Core 9 | . . . . . 1 . . . . . . . 1 1 3 1 . . . . . . . . 1 1 Reactor 27 | . . . . . . . . . . 1 1 . 1 . . 2 . 1 . . 2 . 2 1 4 12 Propulsion 83 | 2 3 1 . 2 6 4 . 1 2 6 . 1 1 1 5 3 5 2 . . 6 . 9 . 9 14 Treads 31 | 2 3 1 . 2 4 4 . . 1 5 . 1 . 1 2 1 1 1 . . 2 . . . . . Leg 35 | . . . . . . . . . . 1 . . . . . . . . . . 4 . 7 . 9 14 Wheel 15 | . . . . . 2 . . . 1 . . . 1 . 3 2 4 . . . . . 2 . . . Hover 1 | . . . . . . . . . . . . . . . . . . 1 . . . . . . . . Flight 1 | . . . . . . . . 1 . . . . . . . . . . . . . . . . . . Utility 148 | 2 2 . 4 1 2 3 . 1 10 1 8 5 9 2 8 8 10 1 1 8 4 5 8 4 6 35 Device 48 | 1 . . 2 . . 1 . . 3 1 3 1 4 1 3 1 3 . . 1 . 3 2 2 1 15 Storage 5 | 1 1 . . . 1 . . . . . 1 . . . 1 . . . . . . . . . . . Processor 10 | . . . . . . . . 1 2 . . . . . . . 2 . 1 . . . . . . 4 Hackware 53 | . . . 1 . . . . . 2 . 3 2 4 1 3 6 5 . . 7 3 2 5 2 4 3 Protection 32 | . 1 . 1 1 1 2 . . 3 . 1 2 1 . 1 1 . 1 . . 1 . 1 . 1 13 Artifact . | . . . . . . . . . . . . . . . . . . . . . . . . . . . Weapon 88 | 2 4 1 3 1 3 3 . 3 7 6 6 2 3 . 7 3 2 . . 1 2 2 4 2 6 15 Energy Gun 7 | . . 1 1 . . . . . 1 . . 1 . . 1 . . . . . . . 1 . 1 . Energy Cannon 23 | . . . . . 1 2 . . 2 2 1 . 1 . 1 3 . . . 1 1 . 2 2 3 1 Ballistic Gun 14 | 2 1 . . . . . . . 1 . 2 . 1 . 1 . . . . . . . . . . 6 Ballistic Cannon 21 | . 1 . 1 . 1 1 . 1 3 3 . . . . . . 2 . . . . 1 . . . 7 Launcher 8 | . 1 . . 1 1 . . . . 1 1 . . . 2 . . . . . . . . . 1 . Special Weapon 8 | . . . . . . . . 1 . . 1 1 1 . . . . . . . 1 . 1 . 1 1 Impact Weapon 3 | . 1 . . . . . . . . . 1 . . . 1 . . . . . . . . . . . Slashing Weapon 3 | . . . 1 . . . . . . . . . . . 1 . . . . . . 1 . . . . Piercing Weapon . | . . . . . . . . . . . . . . . . . . . . . . . . . . . Special Melee Weapon 1 | . . . . . . . . 1 . . . . . . . . . . . . . . . . . . Unidentified Prototypes 25 | . . . . . . . . 1 . 1 . . . . . . . . . 1 2 3 . 1 3 13 Corrupted Parts 2 | . . . . . . . . . . . . . . . . . . . . . . . 1 . . 1 System Corruption 9 | . . . . . . . . . . . . . . . . . . . . . . . 4 . . 5 Parts Lost 89 | . 1 . . . . 1 . . 1 2 2 6 3 . 11 1 4 . . . 2 . 8 2 3 42 Power 17 | . 1 . . . . . . . . . 1 . . . 3 . . . . . . . 3 . . 9 Propulsion 16 | . . . . . . . . . 1 . . 1 1 . 2 . . . . . . . 3 . . 8 Utility 43 | . . . . . . 1 . . . 2 1 2 1 . 3 1 4 . . . 1 . 2 2 3 20 Weapon 13 | . . . . . . . . . . . . 3 1 . 3 . . . . . 1 . . . . 5 Highest Loss Streak 8 | . 1 . . . . 1 . . 1 1 1 3 1 . 8 1 1 . . . 1 . 5 1 1 7 To Critical Strikes 1 | . . . . . . . . . . . . . . . 1 . . . . . . . . . . . Average Backups 20 | 4 12 14 14 15 15 24 25 22 20 19 19 19 20 21 18 23 23 23 24 24 24 24 24 24 24 21 Power . | . . . . . . 1 1 1 1 1 . 1 . 1 1 1 1 1 1 1 1 1 . . . . Propulsion 3 | 2 4 3 2 2 1 3 7 4 4 2 2 1 . . 1 7 5 6 6 5 5 4 2 1 3 4 Utility 9 | . 4 8 8 8 8 12 10 9 8 9 9 9 14 13 9 9 9 8 9 11 13 12 12 14 11 8 Weapon 5 | . 2 2 3 5 4 5 6 7 4 5 6 5 3 5 5 5 6 8 7 6 3 3 3 3 6 6 Tool/Special . | . . . . . . . . . . . . . . . . . . . . . . . . . . . Unused Backups 112 | . 5 4 2 . 4 1 . 6 3 23 13 7 . . 2 4 4 2 . 3 . 6 2 . 6 15 Power 7 | . . . . . . . . . 1 . 1 . . . 1 1 . . . . . 1 . . . 2 Propulsion 30 | . 3 1 1 . . . . 4 1 8 . 1 . . . 1 . 2 . 1 . 4 1 . 1 1 Utility 45 | . 1 1 1 . 1 1 . 1 1 8 8 5 . . 1 2 1 . . 1 . . 1 . 3 8 Weapon 23 | . 1 1 . . 3 . . 1 . 5 4 1 . . . . 3 . . 1 . . . . . 3 Tool/Special 7 | . . 1 . . . . . . . 2 . . . . . . . . . . . 1 . . 2 1 Average Slot Usage (%) 93 | . 100 100 99 100 99 99 100 100 94 86 84 82 81 82 86 97 98 95 94 93 95 88 87 90 94 94 Engine 3 | . 14 14 11 11 5 9 9 9 6 1 3 . . . . . . . . . . . . . . . Core 1 | . . . . . 3 . . . . . . . 1 5 6 10 . . . . . . 1 . 2 . Reactor 4 | . . . . . . . . . . 4 2 6 9 5 4 . 10 10 10 10 8 9 7 8 9 10 Treads 12 | . 28 28 33 33 32 18 18 17 13 12 13 13 9 5 6 9 11 8 5 5 1 9 4 . . . Leg 5 | . . . . . . . . . . . . . . . . . . . . . 8 . 8 26 25 25 Wheel 5 | . . . . . 3 17 18 18 7 1 . . 1 5 6 11 13 12 15 15 13 9 6 . . . Device 10 | . 13 13 9 9 9 9 9 9 8 10 7 9 4 5 11 16 12 11 9 8 3 2 7 7 9 18 Storage 6 | . 14 14 11 11 9 9 9 9 6 6 6 6 5 5 6 5 5 5 5 5 4 4 4 4 4 4 Processor 6 | . . . . . . . . . 12 13 13 13 8 5 5 5 8 10 10 10 9 9 9 8 7 9 Hackware 10 | . . . 5 11 9 9 9 8 7 2 7 9 14 17 13 12 14 15 15 17 25 25 19 21 21 3 Protection 5 | . . . 6 1 8 9 9 9 9 12 8 3 5 5 2 3 4 3 5 5 2 4 3 3 2 8 Energy Gun 1 | . . 13 9 10 1 . . . 2 . . . . . . . . . . . . . . . . . Energy Cannon 3 | . . . . . 5 9 8 . 2 2 . 4 8 11 10 7 9 5 6 5 4 4 1 2 1 1 Ballistic Gun 2 | . 14 . . . . . . . 2 . . 7 2 . . 4 . . . . . . . . . 4 Ballistic Cannon 5 | . 12 14 11 11 8 7 9 9 8 12 12 1 . . . . 2 5 5 2 4 2 1 . . 4 Special Weapon 1 | . . . . . . . . 2 . . 1 3 4 5 3 3 1 5 3 3 2 3 1 1 2 . Slashing Weapon 1 | . . . 1 . 2 1 . . 3 3 2 . . . . . 1 . . 2 . 1 3 3 3 . Peak Build Rating 234 | 7 13 15 22 21 33 38 38 40 73 98 103 100 108 98 99 101 121 137 132 141 141 162 176 180 202 234 Average Rating 99 | 5 10 14 19 19 27 35 37 37 67 88 93 95 102 96 92 96 107 129 131 131 132 145 162 170 185 215 On Entrance 86 | . 7 13 15 20 19 31 38 38 40 70 94 99 92 96 95 99 98 121 132 132 131 137 162 173 170 202 Avg Prop Armor Cover (%) 13 | . . . . . 15 15 15 15 13 13 . . 8 8 12 12 12 10 8 9 17 15 10 3 . . Naked Turns . | . . . . . . . . . . . . . . . . . . . . . . . . . . . Heaviest Build 198 | 13 35 34 41 42 108 113 112 112 131 147 142 136 160 149 151 166 164 165 162 158 163 155 157 161 160 198 Greatest Support 190 | 40 46 46 66 66 83 24 24 24 28 150 150 150 150 28 140 26 80 80 44 44 44 32 156 156 162 190 Greatest Overweight (x) 9 | . . . . . 4 9 4 4 5 4 . . 5 5 8 6 6 4 3 3 4 4 4 1 . 1 Average Overweight (x) 1 | . . . . . . 4 4 4 4 . . . 1 5 5 5 4 3 3 3 2 4 2 . . . Largest Inventory Capacity 25 | 8 15 15 15 15 25 25 25 25 25 25 25 25 25 25 25 25 25 25 25 25 25 25 25 25 25 25 Average Capacity 23 | 7 14 15 15 15 16 25 25 25 25 25 25 25 25 25 25 25 25 25 25 25 25 25 25 25 25 25 Most Carried 25 | 6 15 15 15 15 23 25 25 25 25 25 25 25 25 25 25 25 25 25 25 25 25 25 25 25 25 25 Average Carried 22 | 4 12 14 14 15 15 24 24 24 24 23 24 24 24 24 21 24 24 24 25 24 24 24 24 24 24 22 Final Capacity 25 | 8 15 15 15 15 25 25 25 25 25 25 25 25 25 25 25 25 25 25 25 25 25 25 25 25 25 25 Final Carried 25 | 6 15 15 15 15 23 25 25 25 25 25 25 25 24 24 25 25 24 25 25 25 25 25 25 23 24 23 Scrap Suit Usage (%) 1 | . . . . . . . . . . . . . . . . . . . . . . . . . . 1 Parts Cannibalized 1 | . . . . . . . . . . . . . . . . . . . . . . . . . . 1 Class Distribution -------------------- 34% | Mutant 15% | Botlord-Mutant 12% | Bothacker-Tank 7% | Tank 6% | Scavenger-Tank 6% | Botlord-Tank 4% | Scavenger-Gunner 4% | Scavenger-Mutant Dominant Class ---------------- Mutant | -10/Materials Mutant | -10/Mines Mutant | -9/Materials Mutant | -9/Mines Scavenger-Mutant | -8/Materials Mutant | -8/Storage Mutant | -8/Recycling Mutant | -8/Scraptown Tank | -6/Factory Mutant | -6/Garrison Tank | -6/Factory Scavenger-Skirmisher | -6/Garrison Bothacker-Tank | -5/Factory Bothacker-Tank | -5/Waste Bothacker-Tank | -5/Factory Botlord-Tank | -5/Garrison Botlord-Gunner | -4/Factory Bothacker-Tank | -4/Waste Bothacker-Tank | -4/Factory Botlord-Mutant | -4/Garrison Botlord-Gunner | -3/Research Botlord-Tank | -3/Quarantine Botlord-Mutant | -3/Garrison Botlord-Mutant | -2/Research Botlord-Mutant | -2/Testing Scavenger-Tank | -2/Protoforge Resources | -11 -10 -10 -9 -9 -8 -8 -8 -8 -6 -6 -6 -6 -5 -5 -5 -5 -4 -4 -4 -4 -3 -3 -3 -2 -2 -2 ----------- Run | Yrd Mat Min Mat Min Mat Sto Rec Scr Fac Gar Fac Gar Fac Was Fac Gar Fac Was Fac Gar Res Qua Gar Res Tes Frg Matter Collected 24416 | 275 593 71 424 206 603 569 32 36 1254 625 1849 1480 836 129 931 1296 570 147 23 555 715 817 1183 240 1593 7364 Remotely 120 | . . . . . . . . . . . . . . . . 120 . . . . . . . . . . Salvage Created 29465 | 81 650 . 654 70 694 1088 93 . 1210 1066 1160 1456 1398 848 1612 486 1203 . . 77 756 1049 1576 1417 1511 9310 Parts 1349 | 6 50 . 45 9 46 73 4 . 48 51 50 50 79 10 70 24 30 . . 6 27 55 55 72 69 420 Haulers Intercepted 12 | . . . 1 . 1 6 . . 2 . 1 . 1 . . . . . . . . . . . . . Recyclers Shooed 10 | . . . 1 . . 1 . . 3 . . . 1 . 2 . 1 . . . . . . 1 . . Parts Field Recycled . | . . . . . . . . . . . . . . . . . . . . . . . . . . . Retrieved Matter . | . . . . . . . . . . . . . . . . . . . . . . . . . . . Parts Self-Destructed . | . . . . . . . . . . . . . . . . . . . . . . . . . . . Prevented . | . . . . . . . . . . . . . . . . . . . . . . . . . . . Parts Restored . | . . . . . . . . . . . . . . . . . . . . . . . . . . . Kills | -11 -10 -10 -9 -9 -8 -8 -8 -8 -6 -6 -6 -6 -5 -5 -5 -5 -4 -4 -4 -4 -3 -3 -3 -2 -2 -2 ------- Run | Yrd Mat Min Mat Min Mat Sto Rec Scr Fac Gar Fac Gar Fac Was Fac Gar Fac Was Fac Gar Res Qua Gar Res Tes Frg Combat Hostiles Destroyed 467 | . 20 . 11 7 22 24 2 . 16 16 20 28 25 3 16 9 15 . . 1 11 12 23 14 20 152 Melee 37 | . . . . . 1 . 1 . 2 . . . . . . . . . . . . 2 7 9 11 4 Guns 97 | . 5 . 4 2 1 . . . 7 . . 6 7 . 1 2 . . . . . . 1 . . 61 Cannons 220 | . 15 . 7 . 12 15 1 . 7 7 17 12 9 . 8 4 8 . . 1 9 5 8 4 1 70 AOE 78 | . . . . 5 7 9 . . . 9 2 9 7 . 4 2 4 . . . . . 6 . 7 7 Classes Destroyed 31 | 2 7 . 3 . . . . . 3 . 1 . . 1 1 1 . . . . . . 2 . 3 7 Worker 20 | . 1 . . . 1 1 . . 1 . . . 6 . 4 . 1 . . . . 2 . 1 1 1 Builder 13 | . 1 . 1 . . . . . . . 1 . 4 . 1 . 1 . . . . . . 3 . 1 Tunneler 4 | 1 . . 1 . . . . . . . . . . . 2 . . . . . . . . . . . Hauler 12 | . . . 1 . 1 6 . . 2 . 1 . 1 . . . . . . . . . . . . . Recycler 17 | 1 1 . 2 . . 1 . . 2 . 2 . . . 5 . 2 . . . . . . 1 . . Mechanic 10 | . 1 . . . . . . . . . . . 1 . . . . . . . 1 . . . . 7 Operator 7 | . 1 . 1 . 1 . . . . . 1 . . . . . . . . . . . . . 2 1 Drone 9 | . . . . . . . . . . . . . . . . . . . . . . . . . . 9 Watcher 17 | . 3 . 4 . 2 1 . . 4 . . . 1 . . . . . . . . . . . . 2 Swarmer 82 | . 6 . 4 5 11 7 . . . 10 2 2 9 . 2 2 . . . . . . 1 . 2 19 Cutter 4 | . . . . . . . . . . . . . . . . . . . . . . . 4 . . . Saboteur 2 | . . . . . . . . . . . . . . . . . . . . . . . . . . 2 Grunt 118 | . 14 . 4 2 9 6 . . 6 3 8 12 1 . 1 5 10 . . . 4 5 8 2 5 13 Brawler 7 | . . . . . . . . . . . . . . . 1 . 1 . . . . . 1 . . 4 Duelist 14 | . . . 1 . . . . . 2 . 1 3 1 . . . . . . . 1 2 . . . 3 Protector 4 | . . . . . . . . . . . . . . . . . . . . . . . . . . 4 Researcher 1 | . . . . . . . . . . . . . . . . . . . . . . . . . 1 . Sentry 39 | . . . 2 . 2 11 2 . 1 1 1 7 1 . 2 . 1 . . 1 . 2 . 1 1 3 Demolisher 3 | . . . . . . . . . 1 . 1 . . . . . . . . . 1 . . . . . Specialist 3 | . . . . . . . . . . . . . . . . . . . . . . . 3 . . . Hunter 42 | . . . . . . . . . 1 2 4 . 7 . 3 . . . . . 1 . 2 7 5 10 Programmer 74 | . . . . . . . . . 5 . 2 4 6 . 7 . 3 . . . 4 3 3 5 5 27 Heavy 1 | . . . . . . . . . . . 1 . . . . . . . . . . . . . . . Behemoth 4 | . . . . . . . . . . . . . . . . 2 . . . . . . 1 . . 1 Compactor 3 | . . . . . . . . . . . . . . 3 . . . . . . . . . . . . Hotshot 20 | . . . . . . . . . . . . . . . . . . . . . . . . . . 20 Decapitator 2 | . . . . . . . . . . . . . . . . . . . . . . . . . . 2 Immortal 2 | . . . . . . . . . . . . . . . . . . . . . . . . . . 2 Striker 13 | . . . . . . . . . . . . . . . . . . . . . . . . . 1 12 Executioner 16 | . . . . . . . . . . . . . . . . . . . . . . . . . . 16 Alpha 7 1 | . . . . . . . . . . . . . . . . . . . . . . . . . 1 . Elite 1 | . . . . . . . . . . . . . . . . . . . . . . . . . . 1 Scrapoid 1 | . . . . . . . . . . . . . . . . . . . . . . . . . . 1 Scraphulk 3 | . . . . . . . . . . . . . . . . . . . . . . . . . . 3 Best Kill Streak 16 | 1 5 . 2 3 5 7 1 . 4 7 6 7 16 1 6 2 6 . . 1 3 3 7 4 5 13 Combat Bots Only 13 | . 5 . 2 3 4 6 1 . 4 7 5 7 8 1 4 2 4 . . 1 3 2 7 3 4 13 Max Kills in Single Turn 6 | 1 1 . 1 2 3 3 1 . 2 2 1 2 6 1 3 2 3 . . 1 2 1 2 1 3 3 Gunslinging . | . . . . . . . . . . . . . . . . . . . . . . . . . . . Exploded 3 | . . . . 2 3 3 . . . 2 1 2 3 . 2 2 2 . . . . . 2 . 3 2 Melee 1 | . . . . . 1 . 1 . 1 . . . . . . . . . . . . 1 1 1 1 1 Uniques/NPCs Destroyed . | . . . . . . . . . . . . . . . . . . . . . . . . . . . Combat | -11 -10 -10 -9 -9 -8 -8 -8 -8 -6 -6 -6 -6 -5 -5 -5 -5 -4 -4 -4 -4 -3 -3 -3 -2 -2 -2 -------- Run | Yrd Mat Min Mat Min Mat Sto Rec Scr Fac Gar Fac Gar Fac Was Fac Gar Fac Was Fac Gar Res Qua Gar Res Tes Frg Hostile Shots Fired 3149 | . 87 . 37 23 112 80 10 . 101 182 150 270 219 . 191 42 79 . 10 19 78 50 213 191 242 763 Missed 1048 | . 22 . 10 5 42 19 2 . 34 42 49 93 60 . 50 15 32 . 2 9 34 20 53 72 94 289 Hits 2101 | . 65 . 27 18 70 61 8 . 67 140 101 177 159 . 141 27 47 . 8 10 44 30 160 119 148 474 Melee 37 | . . . 3 . . . . . 2 . 2 5 4 . . . . . . . 1 1 . . 2 17 Projectile 2064 | . 65 . 24 18 70 61 8 . 65 140 99 172 155 . 141 27 47 . 8 10 43 29 160 119 146 457 AOE 17 | . . . . . . . . . 3 . . 5 . . 3 . . . . . 2 . 2 . . 2 Critical Strikes 108 | . 1 . . . 5 . . . 2 3 3 7 3 . 4 1 1 . 1 . 4 3 11 5 14 40 Actively Blocked 49 | . . . . . . . . . . . . . . . . 1 1 . . . 3 . 5 . 5 34 Part Disruptions 6 | . . . . . . . . . . . 1 . . . . . . . . . . . 1 1 1 2 Damage Taken 39554 | . 651 . 422 281 1125 881 124 . 1093 1536 1564 2336 2777 . 2849 361 977 6 312 248 1261 843 3321 2131 2118 12337 Core 3028 | . 87 . 15 34 120 108 15 . 134 115 146 113 177 . 493 34 70 . . . 49 23 70 87 150 988 Absorbed by Shields 5125 | . . . . . . . . . . 892 30 105 . . 105 314 100 . . 4 . . 741 873 509 1452 Reduced by Siege Mode 27 | . . . . . . . . . . . 27 . . . . . . . . . . . . . . . Redirected to Shielding 412 | . . . . . . . . . . . . . . . . . . . . . . . . . . 412 Ignored by Resistances 1305 | . . . . . . . . . . . . . . . . . . . . . . . . . 925 380 Regen/Repaired (Parts) 6023 | . . . . . . 190 . . . . . . 799 8 66 . . 483 139 34 137 257 968 696 1420 826 Core Remaining (%) 68 | 100 . 65 . 87 . . . 55 . . . 40 . . . 29 . . . 93 . . 80 . . . Volleys Fired 1588 | 11 68 . 41 14 69 79 3 2 68 28 66 93 81 31 98 41 53 5 7 25 74 55 61 40 46 429 Largest 3 | 2 2 . 2 2 2 2 2 1 3 3 3 3 3 2 2 3 3 1 1 1 3 3 3 1 1 3 Hottest 298 | 40 50 . 96 96 98 102 102 5 173 184 163 210 240 211 211 217 264 10 105 113 221 229 294 120 200 298 Shots Fired 2766 | 22 136 . 80 22 129 134 6 2 151 45 123 157 106 51 132 67 79 5 7 25 104 86 78 40 48 931 Gun 684 | 22 70 . 39 10 9 . . . 73 . 10 61 22 . 10 20 . . . . . . 5 . . 333 Cannon 1760 | . 66 . 41 8 114 129 6 . 77 39 94 59 57 42 94 27 68 . 5 6 82 69 42 26 19 590 Launcher 63 | . . . . 4 6 5 . . . 6 4 12 4 . 4 1 4 . . . . 1 6 . 2 4 Special 259 | . . . . . . . . 2 1 . 15 25 23 9 24 19 7 5 2 19 22 16 25 14 27 4 Kinetic 1529 | 22 136 . 41 8 60 55 3 . 79 32 93 76 19 . . 20 15 . . . 23 32 24 . . 791 Thermal 664 | . . . 39 10 63 71 3 . 67 5 6 39 39 42 80 8 29 . 5 2 38 . 18 10 7 83 Explosive 51 | . . . . 4 6 5 . . . 6 2 9 . . 1 1 4 . . . . 1 6 . 2 4 Electromagnetic 263 | . . . . . . 3 . . 4 2 7 8 25 . 27 19 24 . . 4 21 37 5 16 12 49 Robot Hit Streak 32 | 4 10 . 9 3 11 15 12 1 25 8 16 29 15 9 9 15 14 12 14 31 32 12 16 17 8 11 Robot Miss Streak 6 | 3 6 . 2 4 5 5 2 2 6 2 3 2 4 2 3 2 2 . . . 4 2 3 2 4 6 Penetration Max 1 | . . . . . . . . . 1 . . . 1 . . . . . . . . . . . . 1 Secondary Targets 2 | . . . . . . . . . . . . . . . . . . . . . . . . . . 2 Max Gunslinging Chain 1 | . . . . . . . . . . . . . . . . . . . . . . . . . . 1 Shots Hit Robots 1867 | 11 74 . 57 10 74 86 10 2 112 55 93 125 64 37 68 42 64 5 2 17 53 63 81 55 68 539 Core Hits 954 | 5 40 . 23 8 38 58 7 . 85 38 37 72 51 3 39 16 34 . . 1 19 24 44 18 30 264 Critical Kills 31 | 1 . . . . 1 . . . 2 . . 2 1 3 1 1 1 . . . . . 1 . . 17 Critical Parts Destroyed 17 | 1 . . . . . . . . . . . . 2 . . . . . . . . . . . . 14 Critical Strikes 117 | 2 5 . 1 . 2 . 1 . 6 4 6 3 4 3 2 3 2 . . . 1 4 6 1 4 57 Burn 6 | . . . . . 1 . . . 4 . . . 1 . . . . . . . . . . . . . Meltdown 10 | . . . . . 1 . . . . . . 1 . 3 1 . 1 . . . . . 1 . . 2 Destroy 40 | 2 . . . . . . . . 2 . . 1 3 . . 1 . . . . . . . . . 31 Blast 44 | . 5 . 1 . . . . . . 2 6 1 . . . . . . . . 1 3 2 . . 23 Corrupt 7 | . . . . . . . . . . . . . . . 1 2 1 . . . . 1 1 1 . . Sever 10 | . . . . . . . 1 . . 2 . . . . . . . . . . . . 2 . 4 1 Melee Attacks 405 | . 4 . 17 . 7 3 6 1 31 61 27 11 . . 2 1 2 . . 2 . 15 36 60 71 48 Impact 6 | . 4 . . . . . . . . . 1 . . . 1 . . . . . . . . . . . Slashing 398 | . . . 17 . 7 3 6 . 31 61 26 11 . . 1 1 2 . . 2 . 15 36 60 71 48 Piercing . | . . . . . . . . . . . . . . . . . . . . . . . . . . . Sneak Attacks 41 | . . . 6 . 2 1 1 1 5 . 6 . . . 1 . 2 . . . . . 4 7 3 2 Combat Hostiles 3 | . . . . . . . . . . . . . . . . . . . . . . . 1 1 1 . Follow-up Attacks . | . . . . . . . . . . . . . . . . . . . . . . . . . . . Damage Inflicted 83240 | 86 1081 . 1385 524 2439 2732 356 . 2958 3841 3829 4404 3667 1255 2535 924 3490 . . 31 1633 2509 4655 3435 6308 29163 Guns 13991 | 86 322 . 500 84 116 . . . 1271 . 116 846 563 . 157 78 . . . . . . 146 . . 9706 Cannons 40326 | . 754 . 492 109 1612 2123 130 . 1239 891 2868 1670 1338 1255 1746 628 2146 . . 31 1633 1879 1328 639 438 15377 Explosions 13488 | . . . . 330 485 525 . . . 729 310 1414 1671 . 568 218 1184 . . . . 193 1025 . 1788 3048 Melee 15109 | . . . 393 . 226 84 226 . 448 2186 508 474 . . 64 . 154 . . . . 437 2156 2772 3949 1032 Ramming 326 | . 5 . . 1 . . . . . 35 27 . 95 . . . 6 . . . . . . 24 133 . Kinetic 35029 | 86 1076 . 492 109 706 797 77 . 1641 773 2763 1378 516 . . 78 541 . . . 676 794 692 . . 21834 Thermal 13246 | . . . 500 84 1022 1326 53 . 790 29 . 981 730 1255 1493 199 980 . . . 319 58 636 205 219 2367 Explosive 11631 | . . . . 330 485 525 . . . 729 124 1018 1285 . 231 218 1018 . . . . 135 1025 . 1728 2780 Electromagnetic 7899 | . . . . . . . . . 79 89 407 553 1041 . 747 429 791 . . 31 638 1085 146 434 279 1150 Impact 142 | . . . . . . . . . . . 78 . . . 64 . . . . . . . . . . . Slashing 14967 | . . . 393 . 226 84 226 . 448 2186 430 474 . . . . 154 . . . . 437 2156 2772 3949 1032 Piercing . | . . . . . . . . . . . . . . . . . . . . . . . . . . . Highest Corruption 53 | . . . . . . . . . 8 8 11 12 11 36 49 49 2 2 2 2 8 9 31 22 27 53 Average Corruption 21 | . . . . . . . . . 4 8 10 11 6 23 42 49 1 2 2 2 4 8 19 16 24 45 Corruption Purged . | . . . . . . . . . . . . . . . . . . . . . . . . . . . Corruption Blocked . | . . . . . . . . . . . . . . . . . . . . . . . . . . . Effects 1136 | . . . . . . . . . 30 47 75 56 25 15 93 108 2 3 7 22 19 49 77 33 76 399 Message Errors 256 | . . . . . . . . . 5 19 17 16 5 2 24 30 . 1 3 7 3 17 15 6 18 68 Matter Fused 241 | . . . . . . . . . 8 6 19 15 9 3 23 25 1 2 1 8 4 8 24 6 18 61 Heat Flow Errors 110 | . . . . . . . . . 3 6 6 4 3 2 10 7 . . . 2 4 4 12 5 7 35 Energy Discharges 119 | . . . . . . . . . 6 2 9 2 2 2 10 11 . . 2 1 3 4 11 7 5 42 Parts Rejected 16 | . . . . . . . . . . . 2 1 . . . 4 . . . . . . . . 2 7 Parts Fused 14 | . . . . . . . . . . . 1 1 1 . 1 3 . . 1 . . . 1 . . 5 Data Loss (minor) 111 | . . . . . . . . . 5 7 10 4 3 1 6 8 . . . 1 3 10 8 3 14 28 Data Loss (major) 41 | . . . . . . . . . 2 . 4 3 1 1 4 4 . . . 1 2 3 . 2 3 11 Misfires 30 | . . . . . . . . . 1 1 4 3 . . 3 6 1 . . . . . 3 1 2 5 Alerts 31 | . . . . . . . . . . 5 2 3 1 1 4 2 . . . 2 . 2 . 1 3 5 Misdirections 50 | . . . . . . . . . . . . . . 1 1 7 . . . . . . 1 1 4 35 Weapon Failures 117 | . . . . . . . . . . 1 1 4 . 2 7 1 . . . . . 1 2 1 . 97 Overload Shots . | . . . . . . . . . . . . . . . . . . . . . . . . . . . Overflow Damage 4328 | . . . 148 12 99 56 9 . 42 95 347 33 228 2 176 . 222 . . . 54 39 290 489 1026 961 Projectiles 951 | . . . 7 . 4 12 . . 12 . 164 33 100 2 63 . 85 . . . 54 13 . 10 3 389 Explosions 864 | . . . . 12 22 20 . . . 36 5 . 128 . 109 . 53 . . . . . 19 . 95 365 Melee 2513 | . . . 141 . 73 24 9 . 30 59 178 . . . 4 . 84 . . . . 26 271 479 928 207 Knockbacks 155 | . 12 . 3 . 10 9 3 . 23 3 20 2 . . . . 7 . . . 10 10 2 . . 41 Impact . | . . . . . . . . . . . . . . . . . . . . . . . . . . . Kinetic 144 | . 12 . 3 . 10 9 3 . 20 3 19 2 . . . . 6 . . . 9 8 2 . . 38 Secondary 11 | . . . . . . . . . 3 . 1 . . . . . 1 . . . 1 2 . . . 3 Self-Inflicted Damage 1328 | . . . . 67 156 49 . . . 28 112 89 207 . 219 57 155 . . . . 86 103 . . . Shots 35 | . . . . 2 3 1 . . . 1 8 2 7 . 3 1 4 . . . . 1 2 . . . Rammed 16 | . 1 . . 1 . . . . . 3 3 . 7 . . . 1 . . . . . . . . . Targets Rammed 21 | . 1 . . 1 . . . . . 3 3 . 7 . . . 1 . . . . . . 1 4 . Kicked 5 | . . . . . . . . . . . . . . . . . . . . . . . . 1 4 . Crushed . | . . . . . . . . . . . . . . . . . . . . . . . . . . . Highest Temperature 456 | . 60 . 150 261 90 51 9 . 278 306 300 311 270 196 405 266 282 . . 168 361 200 320 456 390 341 Average Temperature 81 | . 14 . 39 120 36 16 9 . 50 100 95 86 69 124 82 111 74 . . 43 103 66 92 115 102 85 Received Heat Transfer 4932 | . 195 . 120 102 531 288 36 . 135 121 312 576 216 . 144 85 153 . 30 27 78 173 284 187 161 978 Effects 16 | . . . . . . . . . . . 2 1 5 . . 1 . . . . 1 . 3 2 . 1 Shutdowns 2 | . . . . . . . . . . . . . . . . . . . . . 1 . . 1 . . Energy Bleed 6 | . . . . . . . . . . . 2 1 2 . . . . . . . . . . . . 1 Interference 7 | . . . . . . . . . . . . . 3 . . 1 . . . . . . 3 . . . Short Circuit 1 | . . . . . . . . . . . . . . . . . . . . . . . . 1 . . Siege Activations 2 | . . . . . . . . . . . 2 . . . . . . . . . . . . . . . Total Turns 30 | . . . . . . . . . . . 30 . . . . . . . . . . . . . . . Longest Duration 20 | . . . . . . . . . . . 20 . . . . . . . . . . . . . . . Martial Activations . | . . . . . . . . . . . . . . . . . . . . . . . . . . . Shielding Activations . | . . . . . . . . . . . . . . . . . . . . . . . . . . . Robots Disrupted 3 | . . . . . . . . . . . . . . . 1 . 1 . . . . 1 . . . . Combat Hostiles 3 | . . . . . . . . . . . . . . . 1 . 1 . . . . 1 . . . . Robots Corrupted 27 | . . . . . . . . . . . 1 . 2 . 3 1 2 . . . 2 6 . 1 1 8 Combat Hostiles 26 | . . . . . . . . . . . 1 . 2 . 3 1 2 . . . 2 5 . 1 1 8 Parts Fried 71 | . . . . . . . . . 2 . 3 5 19 . 8 2 6 . . . 7 3 . 2 1 13 Impact Corruptions 6 | . . . . . . . . . . . 1 . . . 1 . 1 . . . . 1 . 1 1 . Robots Melted 10 | . . . . . 1 . . . . . . 1 . 3 1 . 1 . . . . . 1 . . 2 Combat Hostiles 9 | . . . . . 1 . . . . . . 1 . 3 . . 1 . . . . . 1 . . 2 Parts Melted 36 | . . . . . 2 . . . 4 . . . 2 3 4 . 2 . . . . . 4 2 5 8 Heat Transferred 16205 | . . . 1073 185 1554 1813 74 . 2348 37 . 906 740 1555 1794 250 927 . . . 259 50 555 157 111 1817 Parts Sabotaged 4 | . . . . . . . . . . . . . . . . . . . . . . . . . . 4 Parts Stolen . | . . . . . . . . . . . . . . . . . . . . . . . . . . . Parts Stripped . | . . . . . . . . . . . . . . . . . . . . . . . . . . . Power Chain Reactions 8 | . . . . . . . . . . . . . 2 . 2 . 1 . . . . 1 . . 1 1 Alert | -11 -10 -10 -9 -9 -8 -8 -8 -8 -6 -6 -6 -6 -5 -5 -5 -5 -4 -4 -4 -4 -3 -3 -3 -2 -2 -2 ------- Run | Yrd Mat Min Mat Min Mat Sto Rec Scr Fac Gar Fac Gar Fac Was Fac Gar Fac Was Fac Gar Res Qua Gar Res Tes Frg Maximum Alert Level 5 | . 1 . 1 . 1 2 1 . . 3 3 4 3 1 1 3 2 . 4 5 4 4 5 3 2 5 Low Security (%) 40 | 100 99 100 80 100 81 49 86 . 100 24 . . 19 56 98 15 60 100 20 . . . . . 43 . Level 1 11 | . . . 19 . 18 15 13 . . 23 13 1 31 43 1 21 24 . 1 . . . . . 40 20 Level 2 18 | . . . . . . 35 . . . 45 84 68 49 . . 18 15 . 18 . . 36 . . 16 21 Level 3 12 | . . . . . . . . . . 7 2 27 . . . 44 . . 30 14 88 30 24 100 . 3 Level 4 10 | . . . . . . . . . . . . 2 . . . . . . 29 77 11 33 72 . . 14 Level 5 5 | . . . . . . . . . . . . . . . . . . . . 8 . . 2 . . 38 High Security . | . . . . . . . . . . . . . . . . . . . . . . . . . . . Max Security . | . . . . . . . . . . . . . . . . . . . . . . . . . . . Peak Influence 3247 | 5 203 60 254 148 390 500 245 . 117 761 714 1101 703 236 305 1069 560 115 1281 1745 1347 1262 1601 1014 525 3247 Initial 981 | . . 60 . 13 8 161 185 . . 79 399 382 577 236 96 93 560 115 16 891 981 562 915 900 525 210 Average 547 | . 104 4 79 32 107 247 112 . 45 383 546 705 399 190 95 576 221 73 723 1265 1010 897 1317 940 256 1296 Influence Increases 22524 | 10 605 . 838 335 796 926 126 . 651 702 1096 939 932 12 796 1186 542 114 1611 994 1109 1301 936 619 1101 4247 Destroy 0b10 Robot/C 11560 | . 400 . 460 220 460 480 40 . 320 340 600 580 500 . 400 440 340 . 400 340 640 640 480 280 420 2780 Destroy 0b10 Robot/NC 760 | 10 40 . 50 . 25 45 . . 45 30 55 10 65 . 60 . 20 . 35 . 20 50 15 25 35 125 Destroy Leader 1968 | . 76 . 120 40 86 164 . . 122 30 168 40 114 . 100 40 60 . 74 20 94 76 50 50 60 384 Allied During Kill 1584 | . . . 35 5 2 . . . . 10 62 3 1 . 9 123 9 . 509 239 206 193 34 66 67 11 Trap Triggered on 0b10 20 | . . . . . . . . . . . 10 . . . . 10 . . . . . . . . . . Successful Hack 401 | . 9 . 39 11 22 13 25 . 50 18 21 . 12 . . 21 10 . . 12 28 60 12 12 12 14 Select Force Hacks 180 | . 60 . 30 . . 30 60 . . . . . . . . . . . . . . . . . . . Disable Machine 1425 | . . . 45 15 60 90 . . 60 15 75 . 105 . 75 . 30 . 315 . 15 165 . 30 225 105 Anti-Garrison Action 1450 | . . . . . . . . . . 150 . 200 . . . 400 . . 150 300 . . 250 . . . Destroy Structure 2021 | . 5 . 14 29 81 59 1 . 39 49 60 61 90 12 152 32 58 114 128 83 76 72 95 96 237 378 Partial Spotted 15 | . . . . . . . . . . . . . . . . . . . . . . . . . 15 . Lose Combat Pursuer 1140 | . 15 . 45 15 60 45 . . 15 60 45 45 45 . . 120 15 . . . 30 45 . 60 30 450 Influence Decreases 19277 | 10 451 154 802 349 436 832 602 . 538 54 1311 384 1357 550 800 251 1282 420 361 522 1853 1082 555 1285 1662 1374 Entered New Map 6145 | . . 94 . 23 14 221 291 . . 34 362 164 524 440 42 41 509 214 7 382 764 439 305 701 410 164 Time Decay 8620 | 10 441 60 592 309 407 601 311 . 518 . 589 . 583 110 418 . 428 206 294 . 474 553 . 404 542 770 Lost Part 890 | . 10 . . . . 10 . . 10 20 20 60 30 . 110 10 40 . . . 20 . 80 20 30 420 Lost Ally 1622 | . . . 60 17 15 . . . 10 . 40 160 70 . 80 200 30 . 60 140 220 90 170 160 80 20 Purge Threat 2000 | . . . 150 . . . . . . . 300 . 150 . 150 . 275 . . . 375 . . . 600 . Squads Dispatched 124 | . 4 1 2 . 1 3 . . 17 . 14 . 6 . 8 . 5 . 8 . 11 14 . 9 11 10 Investigation 27 | . 2 1 1 . 1 1 . . 5 . 1 . 3 . 2 . 2 . . . 2 . . 3 1 2 Extermination 28 | . . . . . . . . . 5 . 2 . 2 . 2 . 2 . . . 3 2 . 3 4 3 Reinforcement 31 | . 2 . 1 . . 1 . . 1 . 5 . 1 . 1 . 1 . . . 2 6 . 2 3 5 Assault 15 | . . . . . . . . . . . 3 . . . . . . . 4 . 4 3 . 1 . . Garrison 23 | . . . . . . 1 . . 6 . 3 . . . 3 . . . 4 . . 3 . . 3 . Intercept . | . . . . . . . . . . . . . . . . . . . . . . . . . . . Searches Triggered . | . . . . . . . . . . . . . . . . . . . . . . . . . . . Unchained Authorized 2 | . . . . . . . . . . . . . . . . . . . . . 1 . . 1 . . Construction Impeded 5 | . . . . . . . . . . . 2 . . . . . . . . . . 1 . 1 . 1 Haulers Reinforced 2 | . . . . . . . . . . . . . 1 . . . . . . . 1 . . . . . Active Scanning Responses . | . . . . . . . . . . . . . . . . . . . . . . . . . . . Cargo Convoy Interrupts . | . . . . . . . . . . . . . . . . . . . . . . . . . . . Alert ID Control Effect 40 | . . . . . . . . . . . . . . . . . . . . . . . 7 10 22 1 Stealth | -11 -10 -10 -9 -9 -8 -8 -8 -8 -6 -6 -6 -6 -5 -5 -5 -5 -4 -4 -4 -4 -3 -3 -3 -2 -2 -2 --------- Run | Yrd Mat Min Mat Min Mat Sto Rec Scr Fac Gar Fac Gar Fac Was Fac Gar Fac Was Fac Gar Res Qua Gar Res Tes Frg Distress Signals 36 | . 3 . 2 . . 5 . . 1 1 4 . . . 3 . . . 3 . 1 2 . 2 1 8 Communications Jammed 109 | . . . . . . . . . . . . . . . . . 4 . 11 . 71 1 . 20 2 . Distress Signals 109 | . . . . . . . . . . . . . . . . . 4 . 11 . 71 1 . 20 2 . Times Spotted 1002 | . 29 . 33 8 34 32 2 . 27 22 47 39 41 4 30 34 22 2 16 13 50 35 37 46 42 357 Peak Tracking Total 17 | . 6 . 4 3 4 6 1 . 4 5 6 7 7 1 8 8 3 1 4 2 9 6 6 12 4 17 Tactical Retreats 61 | . 1 . 2 1 3 2 . . 1 4 3 2 3 . . 4 1 . . . 3 1 . 5 2 23 Traps | -11 -10 -10 -9 -9 -8 -8 -8 -8 -6 -6 -6 -6 -5 -5 -5 -5 -4 -4 -4 -4 -3 -3 -3 -2 -2 -2 ------- Run | Yrd Mat Min Mat Min Mat Sto Rec Scr Fac Gar Fac Gar Fac Was Fac Gar Fac Was Fac Gar Res Qua Gar Res Tes Frg Traps Triggered 43 | . . . . . 1 . . . 4 . 3 3 1 . 1 10 1 . . 7 1 . 7 3 . 1 Indirectly . | . . . . . . . . . . . . . . . . . . . . . . . . . . . Trap Hack Attempts . | . . . . . . . . . . . . . . . . . . . . . . . . . . . Triggered . | . . . . . . . . . . . . . . . . . . . . . . . . . . . Disarmed . | . . . . . . . . . . . . . . . . . . . . . . . . . . . Reprogrammed . | . . . . . . . . . . . . . . . . . . . . . . . . . . . Reused 1 | . . . . . . . . . . . . . . . . 1 . . . . . . . . . . Traps Extracted . | . . . . . . . . . . . . . . . . . . . . . . . . . . . Installed 2 | . . . . . . . . . . . . . . . . 1 . . . 1 . . . . . . Triggered 2 | . . . . . . . . . . . 1 . . . . 1 . . . . . . . . . . Most Traps Carried 2 | . . . . . . . . 2 2 2 2 2 2 2 2 2 1 1 1 1 . . . . . . Machines | -11 -10 -10 -9 -9 -8 -8 -8 -8 -6 -6 -6 -6 -5 -5 -5 -5 -4 -4 -4 -4 -3 -3 -3 -2 -2 -2 ---------- Run | Yrd Mat Min Mat Min Mat Sto Rec Scr Fac Gar Fac Gar Fac Was Fac Gar Fac Was Fac Gar Res Qua Gar Res Tes Frg Machines Disabled 115 | . . . 3 1 4 6 . . 4 2 5 2 7 . 5 4 2 . 22 5 1 11 3 2 15 11 Max in Single Turn 4 | . . . 1 1 1 2 . . 1 1 1 1 3 . 4 1 1 . . 1 1 2 1 1 2 1 Garrison Access 7 | . . . . . 1 1 . . . . 1 . 1 . 1 . 1 . 1 . . . . . . . Garrison Relay 14 | . . . . . . . . . . 1 . 2 . . . 4 . . . 4 . . 3 . . . Machines Repaired . | . . . . . . . . . . . . . . . . . . . . . . . . . . . Machines Dismantled . | . . . . . . . . . . . . . . . . . . . . . . . . . . . Machines Sabotaged . | . . . . . . . . . . . . . . . . . . . . . . . . . . . Overloaded Fab Kills . | . . . . . . . . . . . . . . . . . . . . . . . . . . . Hacking | -11 -10 -10 -9 -9 -8 -8 -8 -8 -6 -6 -6 -6 -5 -5 -5 -5 -4 -4 -4 -4 -3 -3 -3 -2 -2 -2 --------- Run | Yrd Mat Min Mat Min Mat Sto Rec Scr Fac Gar Fac Gar Fac Was Fac Gar Fac Was Fac Gar Res Qua Gar Res Tes Frg Machines Accessed 163 | . 7 1 12 1 12 13 10 4 17 1 13 . 13 . 8 3 7 . 2 3 6 8 2 8 5 7 Terminals 86 | . 5 . 9 1 9 9 6 . 7 1 6 . 4 . 2 3 2 . 1 3 3 3 2 4 4 2 Fabricators 13 | . . . . . . . . . 2 . 2 . 3 . 1 . 1 . . . . . . 1 . 3 Repair Stations 5 | . . . . . . 2 . . . . . . 1 . . . . . . . . 1 . . 1 . Recycling Units 27 | . 2 . 1 . . 1 4 . 5 . 2 . 3 . 2 . 2 . . . 2 . . 2 . 1 Scanalyzers 15 | . . . 2 . 2 . . . 1 . 1 . 1 . 1 . 1 . . . 1 3 . 1 . 1 Garrison Access 12 | . . . . . 1 1 . . 2 . 2 . 1 . 2 . 1 . 1 . . 1 . . . . Total Hacks 409 | . 23 1 50 3 39 40 26 13 44 3 28 . 24 . 15 4 16 . 3 5 12 15 3 15 15 12 Successful 223 | . 15 1 28 2 18 24 18 13 24 2 14 . 13 . 7 2 8 . 2 1 5 8 1 5 10 2 Failed 184 | . 8 . 22 1 20 16 8 . 20 1 14 . 11 . 8 2 8 . 1 4 7 7 2 9 5 10 Catastrophic 30 | . . . 3 . 1 1 . . 2 . 4 . 2 . 2 1 . . . 2 2 3 1 2 . 4 Database Lockouts 2 | . . . . . 1 . . . . . . . . . . . . . . . . . . 1 . . Manual 217 | . 16 . 29 5 15 20 19 . 32 2 13 . 10 . 5 . 10 . 2 1 7 7 1 9 7 7 Terminals 255 | . 19 . 43 3 32 31 18 . 25 3 14 . 7 . 3 4 6 . 2 5 6 6 3 7 14 4 Fabricators 29 | . . . . . . . . . 4 . 7 . 7 . 2 . 2 . . . . . . 3 . 4 Repair Stations 11 | . . . . . . 6 . . . . . . 2 . . . . . . . . 2 . . 1 . Recycling Units 44 | . 4 . 1 . . 2 8 . 8 . 3 . 3 . 4 . 3 . . . 3 . . 3 . 2 Scanalyzers 35 | . . . 6 . 5 . . . 1 . 1 . 3 . 3 . 3 . . . 3 6 . 2 . 2 Garrison Access 21 | . . . . . 2 1 . . 6 . 3 . 2 . 3 . 2 . 1 . . 1 . . . . Terminal Hacks 70 | . 3 1 10 2 6 6 6 13 3 2 3 . 1 . . 2 . . . 1 2 1 1 1 6 . Record 6 | . . . . . . . . 6 . . . . . . . . . . . . . . . . . . Part Schematic 3 | . . . 1 . . . 2 . . . . . . . . . . . . . . . . . . . Robot Schematic 1 | . . . . 1 . . . . . . . . . . . . . . . . . . . . . . Robot Analysis 11 | . . . 2 1 . . 2 6 . . . . . . . . . . . . . . . . . . Prototype ID Bank 7 | . 1 . 1 . 1 1 2 . . . . . 1 . . . . . . . . . . . . . Open Door 3 | . . 1 . . . 1 . . . . . . . . . 1 . . . . . . . . . . Branch Access Points 3 | . . . 1 . . . . . . . . . . . . . . . . . 1 . . 1 . . Emergency Access Points 3 | . . . . . . . . . . 1 . . . . . 1 . . . . . . 1 . . . Terminal Index 3 | . . . . . . 1 . . 1 . . . . . . . . . . . . . . . 1 . Recycling Unit Index 1 | . . . . . . . . . . . . . . . . . . . . . 1 . . . . . Alert Level 2 | . . . . . . 1 . . . . . . . . . . . . . . . . . . 1 . Unreport Threat 5 | . . . 1 . . . . . . . 1 . . . . . . . . . . . . . 3 . Locate Traps 7 | . 2 . 1 . 3 . . . . . . . . . . . . . . . . 1 . . . . Recall Extermination 2 | . . . . . . . . . 1 . 1 . . . . . . . . . . . . . . . Hauler Manifests 3 | . . . 1 . 1 1 . . . . . . . . . . . . . . . . . . . . Registered Components 1 | . . . . . 1 . . . . . . . . . . . . . . . . . . . . . Zone Layout 6 | . . . 2 . . 1 . . 1 . 1 . . . . . . . . . . . . . 1 . Garrison Registry 1 | . . . . . . . . . . 1 . . . . . . . . . . . . . . . . Patrol Navigation 1 | . . . . . . . . . . . . . . . . . . . . 1 . . . . . . Proto ID Catalog 1 | . . . . . . . . 1 . . . . . . . . . . . . . . . . . . Fabricator Hacks 5 | . . . . . . . . . 1 . 2 . 1 . . . 1 . . . . . . . . . Network Status 3 | . . . . . . . . . 1 . 1 . 1 . . . . . . . . . . . . . Build 2 | . . . . . . . . . . . 1 . . . . . 1 . . . . . . . . . Repair Station Hacks 9 | . . . . . . 6 . . . . . . 2 . . . . . . . . 1 . . . . Scan Component 5 | . . . . . . 3 . . . . . . 1 . . . . . . . . 1 . . . . Repair 4 | . . . . . . 3 . . . . . . 1 . . . . . . . . . . . . . Recycling Unit Hacks 9 | . 2 . . . . 1 4 . 1 . 1 . . . . . . . . . . . . . . . Report Inventory 7 | . 2 . . . . 1 2 . 1 . 1 . . . . . . . . . . . . . . . Retrieve Components 2 | . . . . . . . 2 . . . . . . . . . . . . . . . . . . . Scanalyzer 16 | . . . 5 . 2 . . . 1 . . . 1 . 2 . 1 . . . 2 1 . 1 . . Insert Component 4 | . . . 2 . 1 . . . . . . . . . . . . . . . . 1 . . . . Analyze 1 | . . . 1 . . . . . . . . . . . . . . . . . . . . . . . Retrieve Study 11 | . . . 2 . 1 . . . 1 . . . 1 . 2 . 1 . . . 2 . . 1 . . Garrison Access Hacks 15 | . . . . . 1 1 . . 1 . 3 . 2 . 3 . 2 . 1 . . 1 . . . . Unlock Access 5 | . . . . . . . . . 1 . 1 . . . 1 . . . 1 . . 1 . . . . Seal Access 6 | . . . . . 1 1 . . . . 1 . 1 . 1 . 1 . . . . . . . . . Coupler Status 4 | . . . . . . . . . . . 1 . 1 . 1 . 1 . . . . . . . . . Unauthorized Hacks 99 | . 10 . 13 . 9 10 8 . 17 . 5 . 6 . 2 . 4 . 1 . 1 4 . 3 4 2 Terminals 64 | . 8 . 12 . 9 9 6 . 10 . 2 . . . . . 1 . 1 . . 3 . . 3 . Track 7 | . . . 3 . . . . . 2 . . . . . . . . . . . . 1 . . 1 . Assimilate 6 | . . . 2 . 1 1 . . 1 . . . . . . . . . . . . 1 . . . . Botnet 15 | . 2 . 1 . 1 2 1 . 2 . 1 . . . . . 1 . 1 . . 1 . . 2 . Operators 6 | . 1 . 1 . 1 1 . . 1 . 1 . . . . . . . . . . . . . . . Skim 30 | . 5 . 5 . 6 5 5 . 4 . . . . . . . . . . . . . . . . . Fabricators 9 | . . . . . . . . . 2 . 2 . 3 . . . 1 . . . . . . 1 . . Liberate 4 | . . . . . . . . . 1 . 1 . 2 . . . . . . . . . . . . . Haulers 5 | . . . . . . . . . 1 . 1 . 1 . . . 1 . . . . . . 1 . . Repair Stations 1 | . . . . . . . . . . . . . . . . . . . . . . . . . 1 . Patch 1 | . . . . . . . . . . . . . . . . . . . . . . . . . 1 . Recycling Units 23 | . 2 . 1 . . 1 2 . 5 . 1 . 3 . 2 . 2 . . . 1 . . 2 . 1 Tunnel 6 | . 2 . 1 . . 1 2 . . . . . . . . . . . . . . . . . . . Fedlink 17 | . . . . . . . . . 5 . 1 . 3 . 2 . 2 . . . 1 . . 2 . 1 Scanalyzers 2 | . . . . . . . . . . . . . . . . . . . . . . 1 . . . 1 Researchers 2 | . . . . . . . . . . . . . . . . . . . . . . 1 . . . 1 Garrison Access . | . . . . . . . . . . . . . . . . . . . . . . . . . . . Data Cores Recovered 1 | . . . . . . . . . . . . . . . . . . . . . 1 . . . . . Used . | . . . . . . . . . . . . . . . . . . . . . . . . . . . Hacking Detections 127 | . 5 . 10 1 12 11 5 . 14 1 12 . 9 . 5 2 6 . 2 3 5 7 2 5 3 7 Full Trace Events 3 | . . . . . 1 . . . . . . . . . . . . . . . 1 . . 1 . . Feedback Events 1 | . . . . . . . . . . . . . . . . . . . . . . . . 1 . . Corruption 1 | . . . . . . . . . . . . . . . . . . . . . . . . 1 . . Feedback Blocked . | . . . . . . . . . . . . . . . . . . . . . . . . . . . Robot Schematics Acquired 8 | . . . . 1 . . . . . . . . . . . . . . . . . 6 . . 1 . Robots Built . | . . . . . . . . . . . . . . . . . . . . . . . . . . . Authchips . | . . . . . . . . . . . . . . . . . . . . . . . . . . . Time . | . . . . . . . . . . . . . . . . . . . . . . . . . . . Total Robot Build Rating . | . . . . . . . . . . . . . . . . . . . . . . . . . . . Part Schematics Acquired 34 | . . . 2 . . . 2 . . . . . . . . . . . . . . 16 . . 14 . Parts Built 2 | . . . . . . . . . . . . . . . . . 2 . . . . . . . . . Authchips . | . . . . . . . . . . . . . . . . . . . . . . . . . . . Time 170 | . . . . . . . . . . . 106 . . . . . 64 . . . . . . . . . Total Part Build Rating 16 | . . . . . . . . . . . . . . . . . 16 . . . . . . . . . Part Studies Acquired 10 | . . . 2 . 1 . . . 1 . . . . . 2 . 1 . . . 2 . . 1 . . Parts Repaired 4 | . . . . . . 3 . . . . . . 1 . . . . . . . . . . . . . Time 240 | . . . . . . 178 . . . . . . 62 . . . . . . . . . . . . . Parts Recycled . | . . . . . . . . . . . . . . . . . . . . . . . . . . . Recycled Matter . | . . . . . . . . . . . . . . . . . . . . . . . . . . . Retrieved Matter . | . . . . . . . . . . . . . . . . . . . . . . . . . . . Retrieved Components 5 | . . . . . . . 5 . . . . . . . . . . . . . . . . . . . Parts Scanalyzed 1 | . . . 1 . . . . . . . . . . . . . . . . . . . . . . . Part Schematics Acquired 1 | . . . 1 . . . . . . . . . . . . . . . . . . . . . . . Parts Damaged . | . . . . . . . . . . . . . . . . . . . . . . . . . . . Bothacking | -11 -10 -10 -9 -9 -8 -8 -8 -8 -6 -6 -6 -6 -5 -5 -5 -5 -4 -4 -4 -4 -3 -3 -3 -2 -2 -2 ------------ Run | Yrd Mat Min Mat Min Mat Sto Rec Scr Fac Gar Fac Gar Fac Was Fac Gar Fac Was Fac Gar Res Qua Gar Res Tes Frg Used RIF Installer 7 | . . . . . . . . . . 1 . 2 . . . 1 . . . 2 . . 1 . . . Signal Jammer 1 | . . . . . . . . . . . . . . . . . . . . 1 . . . . . . Robot Detection 1 | . . . . . . . . . . . . 1 . . . . . . . . . . . . . . Patrol Navigation 1 | . . . . . . . . . . . . . . . . . . . . 1 . . . . . . Alert ID Control 1 | . . . . . . . . . . . . . . . . . . . . . . . 1 . . . Structural Interface 1 | . . . . . . . . . . . . 1 . . . . . . . . . . . . . . Autooverride 1 | . . . . . . . . . . . . . . . . 1 . . . . . . . . . . Robots Hacked 149 | . . . . . . . . 2 1 . 6 6 14 6 17 9 3 5 1 10 14 17 11 11 14 2 Non-combat 37 | . . . . . . . . . 1 . 4 . 8 . 7 . 3 . 1 . 3 3 . 5 2 . Combat 95 | . . . . . . . . 2 . . 2 6 6 6 9 9 . 5 . 9 11 6 11 6 5 2 Autooverrided 16 | . . . . . . . . . . . . . . . . . . . . . 5 4 1 3 2 1 Robot Hacks Applied 142 | . . . . . . . . 2 1 . 11 6 16 7 17 9 6 5 2 9 14 6 12 8 10 1 parse_system 13 | . . . . . . . . 2 . . . . . 1 1 . . 1 . . 1 1 2 2 2 . ignore_repairs 3 | . . . . . . . . . . . . . 1 . . . . . . . 1 1 . . . . find_fabricator 2 | . . . . . . . . . . . . . . . . . 1 . . . 1 . . . . . drop_inventory 6 | . . . . . . . . . . . . . 1 . 3 . 1 . . . . . . 1 . . find_recycling 6 | . . . . . . . . . 1 . 2 . 2 . . . 1 . . . . . . . . . ignore_parts 2 | . . . . . . . . . . . . . . . 2 . . . . . . . . . . . purge_threat 9 | . . . . . . . . . . . 1 . 1 . 1 . 2 . . . 3 . . . 1 . locate_traps 1 | . . . . . . . . . . . 1 . . . . . . . . . . . . . . . reprogram_traps 1 | . . . . . . . . . . . 1 . . . . . . . . . . . . . . . block_reporting 4 | . . . . . . . . . . . 1 . . . . . . . 1 . . 1 . . 1 . map_route 3 | . . . . . . . . . . . 1 . . . . . . . . . . . . 2 . . ignore_targets 10 | . . . . . . . . . . . . . . 6 . . . 4 . . . . . . . . find_garrison 2 | . . . . . . . . . . . 1 . 1 . . . . . . . . . . . . . spike_heat 1 | . . . . . . . . . . . . 1 . . . . . . . . . . . . . . amplify_resonance 5 | . . . . . . . . . . . 1 . 1 . 1 . . . . 1 1 . . . . . wipe_record 2 | . . . . . . . . . . . . . 1 . . . . . . . 1 . . . . . reboot_system 6 | . . . . . . . . . . . . 1 1 . 1 1 . . . . 1 . . . 1 . overwrite_iff 22 | . . . . . . . . . . . 2 3 3 . 4 1 . . . 3 2 1 2 1 . . formatsys_low 11 | . . . . . . . . . . . . . 4 . . . 1 . 1 . 1 1 . . 3 . formatsys_high 33 | . . . . . . . . . . . . 1 . . 4 7 . . . 5 2 1 8 2 2 1 Manual 17 | . . . . . . . . . . . . . . . 1 . . . . 1 . 8 . . 7 . Relay Couplers Released 65 | . . . . . . . . . . 5 2 8 4 . . 14 2 . 2 17 . . 11 . . . Machine Destruction 61 | . . . . . . . . . . 5 2 8 . . . 14 2 . 2 17 . . 11 . . . Programmers 4 | . . . . . . . . . . . . . 4 . . . . . . . . . . . . . Attached 46 | . . . . . . . . . . . 2 2 4 1 3 5 4 . . 7 3 2 5 2 4 2 Fabnet Peak Effective % . | . . . . . . . . . . . . . . . . . . . . . . . . . . . Robots Rewired 16 | . . . . . . . . . . . . 6 . . . 3 . . . 2 . 1 4 . . . Allies Hacked 5 | . . . . . . . . . 1 . . . 1 . . . 1 . . 1 1 . . . . . Hacks Repelled . | . . . . . . . . . . . . . . . . . . . . . . . . . . . Allies | -11 -10 -10 -9 -9 -8 -8 -8 -8 -6 -6 -6 -6 -5 -5 -5 -5 -4 -4 -4 -4 -3 -3 -3 -2 -2 -2 -------- Run | Yrd Mat Min Mat Min Mat Sto Rec Scr Fac Gar Fac Gar Fac Was Fac Gar Fac Was Fac Gar Res Qua Gar Res Tes Frg Total Allies 132 | . . 3 1 2 1 1 . . 6 1 2 10 7 . 8 11 1 19 1 10 10 9 15 6 6 2 Largest Group 19 | . . 3 3 2 2 1 1 1 3 1 2 6 1 1 2 6 3 19 16 8 8 3 6 6 4 1 Highest-Rated Group 684 | . . 40 40 46 41 10 10 10 87 120 126 83 41 14 58 200 68 684 610 513 460 235 303 303 303 264 Highest-Rated Ally 264 | . . 16 16 31 31 10 10 10 29 120 120 32 41 14 29 49 29 50 50 116 116 152 119 183 152 264 Total Orders 132 | . . . 4 . 1 8 8 1 . 2 . . 8 2 6 41 1 . . 12 1 13 14 . 10 . STAY 77 | . . . 4 . 1 7 5 1 . 1 . . . . 2 26 1 . . 7 1 7 9 . 5 . FOLLOW 36 | . . . . . . 1 3 . . 1 . . . . . 15 . . . 5 . 3 5 . 3 . AID 8 | . . . . . . . . . . . . . 3 1 1 . . . . . . 3 . . . . DROP 1 | . . . . . . . . . . . . . . . . . . . . . . . . . 1 . COLLECT 1 | . . . . . . . . . . . . . . . . . . . . . . . . . 1 . EXPLORE 8 | . . . . . . . . . . . . . 5 . 3 . . . . . . . . . . . RETURN 1 | . . . . . . . . . . . . . . 1 . . . . . . . . . . . . Ally Attacks 1043 | . . . 44 6 4 . . . 19 2 57 28 11 . 18 101 40 153 111 82 94 75 40 66 73 19 Total Damage 32900 | . . . 392 85 40 . . . 212 126 1965 184 215 . 301 2521 478 4817 3588 2294 3726 3239 1470 2290 3886 1071 Kills 199 | . . . 12 4 1 . . . . 1 16 1 . . 4 13 2 10 29 16 25 24 8 10 22 1 Allies Corrupted 6 | . . . . . . . . . . . . . . . 1 2 . . . 1 . . 1 1 . . Allies Melted 3 | . . . . . . . . . . . . . . . . . . . . . . . . . . 3 Intel | -11 -10 -10 -9 -9 -8 -8 -8 -8 -6 -6 -6 -6 -5 -5 -5 -5 -4 -4 -4 -4 -3 -3 -3 -2 -2 -2 ------- Run | Yrd Mat Min Mat Min Mat Sto Rec Scr Fac Gar Fac Gar Fac Was Fac Gar Fac Was Fac Gar Res Qua Gar Res Tes Frg Active Infowar (turns) 15711 | 37 1983 921 1524 1094 456 272 . . 1662 . 1782 426 . . . . 337 425 662 1336 . . . . . 2794 Optics 2794 | . . . . . . . . . . . . . . . . . . . . . . . . . . 2794 Sensors 3656 | . . . . . . . . . 1662 . 1568 426 . . . . . . . . . . . . . . Seismic 6287 | 37 1983 921 1524 1094 456 272 . . . . . . . . . . . . . . . . . . . . Jamming 2974 | . . . . . . . . . . . 214 . . . . . 337 425 662 1336 . . . . . . Robot Analysis Total 11 | . . . 2 1 . . 2 6 . . . . . . . . . . . . . . . . . . Derelict Logs Recovered 2 | . . 1 . 1 . . . . . . . . . . . . . . . . . . . . . . Drone Launches 7 | . . . . . . . . . . . . . 4 . 3 . . . . . . . . . . . Drone Recoveries 5 | . . . . . . . . . . . . . 3 1 1 . . . . . . . . . . . Exploration | -11 -10 -10 -9 -9 -8 -8 -8 -8 -6 -6 -6 -6 -5 -5 -5 -5 -4 -4 -4 -4 -3 -3 -3 -2 -2 -2 ------------- Run | Yrd Mat Min Mat Min Mat Sto Rec Scr Fac Gar Fac Gar Fac Was Fac Gar Fac Was Fac Gar Res Qua Gar Res Tes Frg Turns Passed 41739 | 193 2053 958 2266 1332 1252 1937 737 2268 2363 1386 1843 1593 1817 229 1683 1899 1045 425 662 1680 1203 1605 1690 979 1544 5097 Spaces Moved 23195 | 94 952 535 1212 760 578 1045 439 1600 1175 650 903 781 841 87 779 1022 565 233 431 1039 667 797 950 609 1023 3428 Core 2 | 2 . . . . . . . . . . . . . . . . . . . . . . . . . . Treads 6934 | 92 952 535 1212 760 434 . . . . 543 903 781 637 . 29 . 24 32 . . . . . . . . Legs 5413 | . . . . . . . . . . . . . . . . . . . . . . . 353 609 1023 3428 Wheels 10846 | . . . . . 144 1045 439 1600 1175 107 . . 204 87 750 1022 541 201 431 1039 667 797 597 . . . Hover . | . . . . . . . . . . . . . . . . . . . . . . . . . . . Flight . | . . . . . . . . . . . . . . . . . . . . . . . . . . . Fastest Speed 50 | 50 160 160 160 160 140 140 140 140 140 150 160 160 160 165 140 140 121 140 140 140 122 160 101 106 95 88 Average Speed 141 | 157 160 160 160 160 156 140 140 140 149 158 160 160 180 165 169 155 146 162 140 140 138 160 135 108 100 96 Slowest Speed 320 | 160 160 160 160 160 162 215 140 140 160 240 160 160 240 165 320 170 243 243 140 140 160 160 160 182 106 176 Overloaded Moves . | . . . . . . . . . . . . . . . . . . . . . . . . . . . Propulsion Burnouts . | . . . . . . . . . . . . . . . . . . . . . . . . . . . Robots Hopped . | . . . . . . . . . . . . . . . . . . . . . . . . . . . Potential Cave-ins 6 | . . . . . . . . . . . . . . . . . . . . . 3 . . . . 3 Cave-ins Triggered . | . . . . . . . . . . . . . . . . . . . . . . . . . . . Teleports 3 | . . . . . . . . . . . . . . . . . . . . . . 1 . 2 . . Exploration Rate (%) 58 | 8 91 90 71 95 44 92 73 91 30 48 28 61 29 87 23 83 14 93 11 93 14 81 76 27 84 51 Regions Visited 26 Branch Regions 8 Pre-discovered Areas 19 | . 4 . 5 . . 5 2 2 1 . . . . . . . . . . . . . . . . . Known Exits Taken 14 | . . 1 1 1 1 1 1 1 1 . 1 . . . 1 . . . 1 . 1 1 . 1 . . Unknown Exits Taken 3 | 1 1 . . . . . . . . . . . . . . . . . . . . . . . 1 . Scrap Searched 7 | . . 1 . 4 . . . 2 . . . . . . . . . . . . . . . . . . Spaces Dug 403 | . 4 . 11 9 70 31 . . 32 26 12 5 12 . 35 13 2 . 4 . 27 23 2 20 18 47 Terrain Destroyed 973 | . 4 . 12 36 92 67 1 . 39 39 32 82 44 6 97 13 27 . 5 . 39 38 56 21 49 174 Melee 129 | . 4 . 11 . 2 1 . . 17 11 8 . . . 1 . . . . . . 8 1 16 17 32 Projectile 370 | . . . 1 1 22 20 1 . 22 8 16 12 19 6 32 . 7 . 5 . 39 14 9 5 1 130 AOE 474 | . . . . 35 68 46 . . . 20 8 70 25 . 64 13 20 . . . . 16 46 . 31 12 Terrain Rammed . | . . . . . . . . . . . . . . . . . . . . . . . . . . . Walls Destroyed . | . . . . . . . . . . . . . . . . . . . . . . . . . . . Machines Disabled . | . . . . . . . . . . . . . . . . . . . . . . . . . . . Actions | -11 -10 -10 -9 -9 -8 -8 -8 -8 -6 -6 -6 -6 -5 -5 -5 -5 -4 -4 -4 -4 -3 -3 -3 -2 -2 -2 --------- Run | Yrd Mat Min Mat Min Mat Sto Rec Scr Fac Gar Fac Gar Fac Was Fac Gar Fac Was Fac Gar Res Qua Gar Res Tes Frg Total 29298 | 118 1350 641 1427 849 782 1372 546 1629 1607 889 1156 994 1034 127 1023 1280 710 277 485 1255 863 1029 1227 770 1375 4483 Wait 2263 | 1 282 86 118 60 68 190 95 3 232 16 69 30 35 . 53 52 28 20 39 80 78 96 65 22 107 338 Move 23175 | 93 951 534 1211 759 577 1044 438 1599 1175 649 903 780 841 86 779 1021 565 232 430 1038 666 797 949 608 1022 3428 Hop . | . . . . . . . . . . . . . . . . . . . . . . . . . . . Pick Up 405 | 6 16 8 7 . 17 16 1 8 18 43 17 23 12 1 25 24 13 3 1 13 6 14 21 4 30 58 Fast Attach 109 | 7 . 1 . . 1 1 . . 3 7 4 3 4 1 4 7 4 1 2 3 6 5 17 1 4 23 Attach 172 | . 1 . 2 . 2 2 . 1 6 8 7 12 9 1 17 8 8 . . 4 4 5 14 7 10 44 Detach 41 | . . . . . 1 . . 1 1 1 3 3 4 . 4 3 2 1 1 2 2 3 . 2 1 6 Swap 596 | . 17 3 24 13 27 21 2 5 44 21 39 23 33 5 28 36 23 10 2 14 19 22 18 22 45 80 Drop 357 | . 10 9 7 2 13 16 1 9 21 52 18 16 7 2 12 21 11 5 2 14 7 16 23 2 33 28 Fire 1588 | 11 68 . 41 14 69 79 3 2 68 28 66 93 81 31 98 41 53 5 7 25 74 55 61 40 46 429 Melee 405 | . 4 . 17 . 7 3 6 1 31 61 27 11 . . 2 1 2 . . 2 . 15 36 60 71 48 Ram 4 | . . . . . . . . . . . . . 2 . . . 1 . . . . . . . . 1 Kick 5 | . . . . . . . . . . . . . . . . . . . . . . . . 1 4 . Crush 13 | . 1 . . 1 . . . . . 3 3 . 5 . . . . . . . . . . . . . Escape Stasis 149 | . . . . . . . . . 8 . . . . . . 64 . . . 56 . . 21 . . . Rewire 14 | . . . . . . . . . . . . . 1 . 1 1 . . 1 3 1 1 2 1 2 . Trap 2 | . . . . . . . . . . . . . . . . 1 . . . 1 . . . . . . Miscellaneous . | . . . . . . . . . . . . . . . . . . . . . . . . . . . Route ------- -11/Scrapyard -10/Materials (discovered 5 exits: *Mat x3 / *Min / *Sub) -10/Mines (discovered 4 exits: *Mat x2 / *Exi / Sub) -9/Materials (discovered 4 exits: *Mat x3 / *Min) -9/Mines (discovered 2 exits: *Mat x2) -8/Materials (discovered 3 exits: [*Fac] / *Sto x2) -8/Storage (discovered 2 exits: [*Fac] / *Rec) -8/Recycling (discovered 2 exits: Fac / *Scr) -8/Scraptown (discovered 2 exits: *Fac x2) -6/Factory (discovered 7 exits: Fac x4 / *Low x2 / Gar) -6/Garrison (discovered 3 exits: *Fac x3) -6/Factory (discovered 3 exits: *Fac / Low / Gar) -6/Garrison (discovered 2 exits: *Fac x2) -5/Factory (discovered 2 exits: *Ext x2) -5/Waste -5/Factory (discovered 3 exits: *Ext x2 / Gar) -5/Garrison (discovered 3 exits: *Fac x3) -4/Factory -4/Waste -4/Factory (discovered 2 exits: *Res / Gar) -4/Garrison (discovered 3 exits: *Res x3) -3/Research (discovered 2 exits: *Qua x2) -3/Quarantine -3/Garrison -2/Research (discovered 3 exits: [*Acc] / *Tes x2) -2/Testing (discovered 2 exits: [*Sec] / *Frg) -2/Protoforge History --------- Turn | Location | Event 12 | -11/Scrapyard | Discovered new exit (range 16) 194 | -11/Scrapyard | Entered Materials 326 | -10/Materials | Build established: Mutant 493 | -10/Materials | Discovered new exit (range 8) 983 | -10/Materials | Discovered new exit (range 15) 1397 | -10/Materials | Discovered new exit (range 12) 1729 | -10/Materials | Identified exit to Materials 1754 | -10/Materials | Learned Storage trap positions 1767 | -10/Materials | Loaded intel: 22 non-interactive machine locations 1785 | -10/Materials | Learned 4 Recycling zone layouts 1844 | -10/Materials | Learned location of Mines (-9) 1974 | -10/Materials | Discovered new exit (range 8) 2247 | -10/Materials | Entered Mines 2248 | -10/Mines | Identified exit to Subcaves 2252 | -10/Mines | Met a Derelict shopkeep closing up shop 2347 | -10/Mines | Assembled infested the area 2626 | -10/Mines | A weapon hastily lodged in a ceiling crevice suddenly fell to the ground 2706 | -10/Mines | Identified exit to Exiles 2771 | -10/Mines | Found a damaged Exp. Sensor Array with a note attached 2776 | -10/Mines | Found Prototype Device 3022 | -10/Mines | Found a Scrap Suit stashed away for nefarious purposes 3069 | -10/Mines | Received a Rocket Launcher from a helpful Derelict 3120 | -10/Mines | Assisted by bots powering up and referring to "LRC-V3" 3205 | -10/Mines | Entered Materials 3205 | -9/Materials | Accompanied by 3 allies 3205 | -9/Materials | Evolved 2 slots: Propulsion x1, Utility x1 3493 | -9/Materials | Discovered new exit (range 16) 3594 | -9/Materials | Discovered new exit (range 4) 4105 | -9/Materials | Identified exit to Mines 4189 | -9/Materials | Learned location of Zion (-6) 4328 | -9/Materials | Identified Exp. Sensor Array 4380 | -9/Materials | Identified exit to Materials 4514 | -9/Materials | Learned 2 Materials zone layouts 4610 | -9/Materials | Learned 4 Materials zone layouts 5471 | -9/Materials | Entered Mines 5471 | -9/Mines | Accompanied by 1 ally 6803 | -9/Mines | Entered Materials 6803 | -8/Materials | Accompanied by 1 ally 6803 | -8/Materials | Evolved 2 slots: Propulsion x1, Utility x1 6804 | -8/Materials | Identified exit to Storage 6808 | -8/Materials | Led the pair of lost Derelicts to an unsafe place 6918 | -8/Materials | Build established: Scavenger-Mutant 7360 | -8/Materials | Discovered new exit (range 8) 7591 | -8/Materials | Learned 4 Recycling zone layouts 7643 | -8/Materials | Central database locked down 7785 | -8/Materials | Learned 4 Factory zone layouts 7827 | -8/Materials | Learned 4 Recycling zone layouts 7878 | -8/Materials | Learned 4 Factory zone layouts 8035 | -8/Materials | Build established: Mutant 8055 | -8/Materials | Entered Storage 8056 | -8/Storage | Loaded intel: 11 trap records 8613 | -8/Storage | Learned location of 1 exit from Extension 8728 | -8/Storage | Learned 4 Lower Caves zone layouts 8748 | -8/Storage | Learned Factory stockpile data 8759 | -8/Storage | Learned location of Lower Caves (-7) 8760 | -8/Storage | Learned location of 3 exits from Factory 8790 | -8/Storage | Identified exit to Recycling 8823 | -8/Storage | Learned location of 2 exits from Factory 8867 | -8/Storage | Learned location of 1 exit from Recycling 9003 | -8/Storage | Garrison activated, responded to threat 9288 | -8/Storage | Used back door to open Recycling access 9378 | -8/Storage | Repaired Arm. Wheel+ 9446 | -8/Storage | Repaired Hrd. Medium Armor Plating 9490 | -8/Storage | Repaired Exp. Sensor Array? 9794 | -8/Storage | Discovered new exit (range 16) 9992 | -8/Storage | Entered Recycling 9992 | -8/Recycling | Accompanied by 1 ally 9993 | -8/Recycling | Identified exit to Scraptown 9994 | -8/Recycling | Identified exit to Factory 10343 | -8/Recycling | Scanned before Scraplab entrance 10364 | -8/Recycling | Entered Scraplab 10619 | -8/Recycling | Learned location of 1 exit from Lower Caves 10647 | -8/Recycling | Learned Storage stockpile data 10665 | -8/Recycling | Learned Factory stockpile data 10720 | -8/Recycling | Learned 2 Storage zone layouts 10729 | -8/Recycling | Entered Scraptown 10729 | -8/Scraptown | Accompanied by 1 ally 11163 | -8/Scraptown | Visited Shadow of the Wyrm 11192 | -8/Scraptown | Visited Cyclists 11220 | -8/Scraptown | Learned location of Extension (-5) 11251 | -8/Scraptown | Visited Fellowship of the Rings 11281 | -8/Scraptown | Visited Awakened 11328 | -8/Scraptown | Visited Red Mages 11380 | -8/Scraptown | Visited IN-MT5's Study 11400 | -8/Scraptown | Visited SPCMW 11632 | -8/Scraptown | Visited UFD Registry 11633 | -8/Scraptown | Registered with UFD as "Metaltank" 11688 | -8/Scraptown | Entered Cyclist Reading Room 11780 | -8/Scraptown | Visited Derelict Rescue Squad 11797 | -8/Scraptown | Found DRS Beacon 11843 | -8/Scraptown | Visited Chapter 10 11999 | -8/Scraptown | Visited Curators Association 12025 | -8/Scraptown | Visited Research Penetration Think Tank 12062 | -8/Scraptown | Visited Abandonware Association 12076 | -8/Scraptown | Learned abandonware demo "TRNCOAT.EXE" 12111 | -8/Scraptown | Visited Botcube Research 12136 | -8/Scraptown | Visited Science Guys 12183 | -8/Scraptown | Visited Analyses Database 12249 | -8/Scraptown | Found Lrg. Botcube 12275 | -8/Scraptown | Visited Infowarlord's Domain 12284 | -8/Scraptown | Found Exp. Terrain Scan Processor 12917 | -8/Scraptown | Met Optimus 12917 | -8/Scraptown | Accepted into 0bPrime 12997 | -8/Scraptown | Entered Factory 12997 | -6/Factory | Accompanied by 1 ally 12997 | -6/Factory | Evolved 4 slots: Utility x3, Weapon x1 12998 | -6/Factory | Identified exit to Factory 12998 | -6/Factory | Identified exit to Lower Caves 13116 | -6/Factory | Garrison activated, responded to threat 13293 | -6/Factory | Build established: Tank 13519 | -6/Factory | Garrison activated, responded to threat 13609 | -6/Factory | Loaded intel: 8 recycling unit locations 13776 | -6/Factory | Learned location of Protoforge (-2) 14292 | -6/Factory | Build established: Mutant 15264 | -6/Factory | Build established: Hacker-Mutant 15360 | -6/Factory | Identified exit to Garrison 15360 | -6/Factory | Entered Garrison 15395 | -6/Garrison | Discovered new exit (range 66) 15395 | -6/Garrison | Discovered new exit (range 80) 15395 | -6/Garrison | Discovered new exit (range 60) 15398 | -6/Garrison | Triggered checkpoint 15689 | -6/Garrison | Triggered checkpoint 15702 | -6/Garrison | Triggered checkpoint 15737 | -6/Garrison | Destroyed 7 combat bots 15903 | -6/Garrison | Found Gamma Bomb Array 16222 | -6/Garrison | Build established: Tank 16444 | -6/Garrison | Lrg. Botcube activated 16476 | -6/Garrison | Lrg. Botcube completed mutation into legged form, armed with 3 guns, 1 cannon. 16538 | -6/Garrison | Triggered checkpoint 16556 | -6/Garrison | Build established: Mutant 16576 | -6/Garrison | Installed Relay Interface Framework 16634 | -6/Garrison | Triggered checkpoint 16674 | -6/Garrison | Garrison Relay disabled 16742 | -6/Garrison | Identified exit to Factory 16746 | -6/Garrison | Entered Factory 16746 | -6/Factory | Accompanied by 1 ally 16850 | -6/Factory | System corruption reached 10% 16947 | -6/Factory | Garrison activated, responded to threat 17263 | -6/Factory | Discovered exit to Factory (range 9) 17508 | -6/Factory | Garrison activated, responded to threat 17604 | -6/Factory | Build established: Tank 18141 | -6/Factory | Loaded intel: 8 recycling unit locations 18146 | -6/Factory | First assault squad dispatched 18568 | -6/Factory | Garrison activated, responded to threat 18589 | -6/Factory | Identified exit to Garrison 18589 | -6/Factory | Entered Garrison 18629 | -6/Garrison | Core integrity fell below 50% 18654 | -6/Garrison | Destroyed 7 combat bots 18674 | -6/Garrison | Triggered checkpoint 18751 | -6/Garrison | Lost 3 parts (1u2w) 18931 | -6/Garrison | Triggered checkpoint 18947 | -6/Garrison | Garrison Relay disabled 18993 | -6/Garrison | Lost 5 allies 19205 | -6/Garrison | Triggered checkpoint 19355 | -6/Garrison | Triggered checkpoint 19483 | -6/Garrison | Expanded RIF knowledge: Robot Detection 19529 | -6/Garrison | Expanded RIF knowledge: Structural Interface 19631 | -6/Garrison | Discovered exit to Factory (range 8) 19661 | -6/Garrison | Triggered checkpoint 19699 | -6/Garrison | Garrison Relay disabled 19857 | -6/Garrison | Triggered checkpoint 19975 | -6/Garrison | Discovered exit to Factory (range 15) 20182 | -6/Garrison | Entered Factory 20182 | -5/Factory | Evolved 2 slots: Power x1, Utility x1 20183 | -5/Factory | Identified exit to Extension 20412 | -5/Factory | Build established: Bothacker-Tank 20436 | -5/Factory | Repaired Imp. Heavy Treads 20959 | -5/Factory | Spotted B-75 Beast 21534 | -5/Factory | Loaded intel: 8 recycling unit locations 21614 | -5/Factory | Destroyed 8 combat bots 21780 | -5/Factory | Destroyed 8 combat bots 21786 | -5/Factory | System corruption reached 10% 21999 | -5/Factory | Sucked down chute 21999 | -5/Factory | Entered Waste 21999 | -5/Waste | Met up with 1 ally sucked down the chute earlier 22011 | -5/Waste | Spotted C-40 Crusher 22014 | -5/Waste | EMP discharged 22024 | -5/Waste | 1 allies followed down the chute 22028 | -5/Waste | Spotted C-40 Crusher 22052 | -5/Waste | Destroyed C-40 Crusher 22078 | -5/Waste | Spotted C-40 Crusher 22088 | -5/Waste | Destroyed C-40 Crusher 22114 | -5/Waste | EMP discharged 22131 | -5/Waste | Destroyed C-40 Crusher 22144 | -5/Waste | Spotted C-40 Crusher 22172 | -5/Waste | Spotted C-40 Crusher 22198 | -5/Waste | Spotted C-40 Crusher 22210 | -5/Waste | Discovered new exit (range 12) 22214 | -5/Waste | EMP discharged 22214 | -5/Waste | System corruption reached 30% 22228 | -5/Waste | Entered Factory 22228 | -5/Factory | Accompanied by 1 ally 22483 | -5/Factory | Loaded intel: 8 recycling unit locations 22718 | -5/Factory | Discovered exit to Extension (range 15) 22925 | -5/Factory | Garrison activated, responded to threat 22980 | -5/Factory | Lost 4 allies 23036 | -5/Factory | Core integrity fell below 50% 23066 | -5/Factory | Lost 8 parts (1p2n3u2w) 23565 | -5/Factory | P-70 Sage assimilated allied Soldier 6a 23581 | -5/Factory | P-70 Sage assimilated allied Soldier 6b 23911 | -5/Factory | Identified exit to Garrison 23911 | -5/Factory | Entered Garrison 23911 | -5/Garrison | Accompanied by 2 allies 23925 | -5/Garrison | Triggered checkpoint 24022 | -5/Garrison | Garrison Relay disabled 24224 | -5/Garrison | Build established: Commander-Tank 24293 | -5/Garrison | Triggered checkpoint 24305 | -5/Garrison | Triggered checkpoint 24411 | -5/Garrison | Spotted B-75 Beast 24448 | -5/Garrison | Destroyed B-75 Beast 24474 | -5/Garrison | Lost 3 allies 24521 | -5/Garrison | Triggered checkpoint 24608 | -5/Garrison | Garrison Relay disabled 24657 | -5/Garrison | Expanded RIF knowledge: Autooverride 24728 | -5/Garrison | Discovered new exit (range 9) 24746 | -5/Garrison | Spotted B-75 Beast 24842 | -5/Garrison | Destroyed B-75 Beast 24870 | -5/Garrison | Found Relay Coupler [Proto] 24873 | -5/Garrison | Found Relay Coupler [Proto] 24876 | -5/Garrison | Found Relay Coupler [Proto] 24882 | -5/Garrison | Found Relay Coupler [Proto] 25068 | -5/Garrison | Discovered new exit (range 14) 25171 | -5/Garrison | Build established: Bothacker-Tank 25190 | -5/Garrison | Triggered checkpoint 25284 | -5/Garrison | Garrison Relay disabled 25487 | -5/Garrison | Garrison Relay disabled 25523 | -5/Garrison | Triggered checkpoint 25607 | -5/Garrison | Lost 3 allies 25644 | -5/Garrison | Build established: Botlord-Tank 25660 | -5/Garrison | Discovered new exit (range 8) 25810 | -5/Garrison | Entered Factory 25810 | -4/Factory | Accompanied by 2 allies 25810 | -4/Factory | Evolved 2 slots: Propulsion x1, Utility x1 26161 | -4/Factory | Fabricated Linear Accelerator (x2) 26211 | -4/Factory | P-70 Sage assimilated allied Soldier 6g 26599 | -4/Factory | Loaded intel: 8 recycling unit locations 26700 | -4/Factory | Discovered new exit (range 8) 26855 | -4/Factory | Sucked down chute 26855 | -4/Factory | Entered Waste 26876 | -4/Waste | Spotted C-40 Crusher 26930 | -4/Waste | Spotted C-40 Crusher 26958 | -4/Waste | Spotted C-40 Crusher 26969 | -4/Waste | Found Unknown Protection 26972 | -4/Waste | Warlord forces began an assault 26992 | -4/Waste | Allies destroyed C-40 Crusher 26999 | -4/Waste | Identified Adv. Powered Armor 27041 | -4/Waste | Spotted C-40 Crusher 27042 | -4/Waste | Allies destroyed C-40 Crusher 27082 | -4/Waste | Spotted C-40 Crusher 27086 | -4/Waste | Allies destroyed C-40 Crusher 27095 | -4/Waste | Spotted C-40 Crusher 27106 | -4/Waste | Allies destroyed C-40 Crusher 27128 | -4/Waste | Lost 3 allies 27160 | -4/Waste | Found Prototype Device 27194 | -4/Waste | Discovered new exit (range 15) 27258 | -4/Waste | Build established: Bothacker-Tank 27280 | -4/Waste | Entered Factory 27280 | -4/Factory | Accompanied by 15 allies 27520 | -4/Factory | Garrison activated, responded to threat 27530 | -4/Factory | First assault squad dispatched 27570 | -4/Factory | Discovered new exit (range 8) 27735 | -4/Factory | Garrison activated, responded to threat 27900 | -4/Factory | Identified exit to Garrison 27942 | -4/Factory | Entered Garrison 27942 | -4/Garrison | Accompanied by 6 allies 27966 | -4/Garrison | Spotted B-75 Beast 27971 | -4/Garrison | Rewired B-86 Titan 27973 | -4/Garrison | Rewired B-86 Titan 27973 | -4/Garrison | Allies destroyed B-75 Beast 27974 | -4/Garrison | Spotted B-75 Beast 27975 | -4/Garrison | Allies destroyed B-75 Beast 28140 | -4/Garrison | Lost 4 allies 28171 | -4/Garrison | Garrison Relay disabled 28173 | -4/Garrison | Identified Exp. Weapon Cycler 28232 | -4/Garrison | Triggered checkpoint 28242 | -4/Garrison | Triggered checkpoint 28297 | -4/Garrison | Triggered checkpoint 28470 | -4/Garrison | Build established: Botlord-Tank 28486 | -4/Garrison | Triggered checkpoint 28513 | -4/Garrison | Expanded RIF knowledge: Signal Jamming 28630 | -4/Garrison | Expanded RIF knowledge: Patrol Navigation 28705 | -4/Garrison | Discovered new exit (range 12) 28750 | -4/Garrison | Triggered checkpoint 28777 | -4/Garrison | Garrison Relay disabled 28897 | -4/Garrison | Build established: Botlord-Mutant 28920 | -4/Garrison | Triggered checkpoint 28978 | -4/Garrison | Triggered checkpoint 29018 | -4/Garrison | Garrison Relay disabled 29050 | -4/Garrison | Discovered new exit (range 14) 29343 | -4/Garrison | Found Relay Coupler [Proto] 29346 | -4/Garrison | Found Relay Coupler [Proto] 29348 | -4/Garrison | Found Relay Coupler [Proto] 29351 | -4/Garrison | Found Relay Coupler [Proto] 29456 | -4/Garrison | Discovered new exit (range 10) 29472 | -4/Garrison | Triggered checkpoint 29530 | -4/Garrison | Garrison Relay disabled 29622 | -4/Garrison | Entered Research 29622 | -3/Research | Accompanied by 7 allies 29622 | -3/Research | Evolved 2 slots: Propulsion x1, Utility x1 29638 | -3/Research | Identified exit to Quarantine 29872 | -3/Research | First assault squad dispatched 29938 | -3/Research | Unchained authorized (GL-D0S) 29980 | -3/Research | Spotted B-86 Titan 30208 | -3/Research | Build established: Botlord-Gunner 30472 | -3/Research | Loaded intel: 5 recycling unit locations 30825 | -3/Research | Entered Quarantine 30892 | -3/Quarantine | Found Alien Artifact 30903 | -3/Quarantine | Found Alien Artifact 30904 | -3/Quarantine | Identified Dimensional Node Initializer 30904 | -3/Quarantine | Initialized slip node 30987 | -3/Quarantine | Build established: Botlord-Tank 31141 | -3/Quarantine | Spotted Alpha 7 31148 | -3/Quarantine | Assimilated Alpha 7 with formatsys_high 31325 | -3/Quarantine | First assault squad dispatched 31659 | -3/Quarantine | Found Alien Artifact 31683 | -3/Quarantine | Identified Core Reset Matrix 31891 | -3/Quarantine | Garrison activated, responded to threat 31966 | -3/Quarantine | Found Alien Slashing Weapon 31990 | -3/Quarantine | Identified Sigix Broadsword 31997 | -3/Quarantine | Found Alien Artifact 32167 | -3/Quarantine | Found Enh. Gamma Rifle 32195 | -3/Quarantine | Cryocooling Duct disabled 32210 | -3/Quarantine | Ambient heat levels rising (+20) 32210 | -3/Quarantine | Non-combat units ordered to evacuate 32263 | -3/Quarantine | Identified Transdimensional Reconstructor 32263 | -3/Quarantine | Warped through subspace to slip node 32267 | -3/Quarantine | Found Dimensional Node Initializer 32280 | -3/Quarantine | Found Alien Artifact 32282 | -3/Quarantine | Found Alien Artifact 32297 | -3/Quarantine | Build established: Botlord-Mutant 32430 | -3/Quarantine | Identified exit to Garrison 32430 | -3/Quarantine | Entered Garrison 32430 | -3/Garrison | Accompanied by 1 ally 32504 | -3/Garrison | Garrison Relay disabled 32539 | -3/Garrison | Expanded RIF knowledge: Alert ID Control 32578 | -3/Garrison | Triggered checkpoint 32748 | -3/Garrison | Triggered checkpoint 32764 | -3/Garrison | Spotted B-86 Titan 32772 | -3/Garrison | Triggered checkpoint 32773 | -3/Garrison | Triggered checkpoint 32823 | -3/Garrison | Lost 3 allies 32843 | -3/Garrison | Destroyed B-86 Titan 32882 | -3/Garrison | Destroyed 7 combat bots 33048 | -3/Garrison | System corruption reached 10% 33166 | -3/Garrison | Triggered checkpoint 33276 | -3/Garrison | Triggered checkpoint 33330 | -3/Garrison | Triggered checkpoint 33420 | -3/Garrison | Lost 5 parts (2p3n) 33551 | -3/Garrison | System corruption reached 30% 33606 | -3/Garrison | Garrison Relay disabled 33608 | -3/Garrison | Triggered checkpoint 33838 | -3/Garrison | Spotted Executioner 33842 | -3/Garrison | Assimilated Executioner with formatsys_high 33856 | -3/Garrison | Discovered new exit (range 13) 33967 | -3/Garrison | Garrison Relay disabled 33984 | -3/Garrison | Triggered checkpoint 34120 | -3/Garrison | Entered Research 34120 | -2/Research | Accompanied by 6 allies 34120 | -2/Research | Evolved 2 slots: Power x1, Utility x1 34190 | -2/Research | Loaded intel: 5 recycling unit locations 34254 | -2/Research | Lost 3 allies 34255 | -2/Research | Discovered new exit (range 5) 34325 | -2/Research | Unchained authorized (GL-D0S) 34488 | -2/Research | System corruption reached 10% 34512 | -2/Research | P-80 Master assimilated allied Warden 8g 34620 | -2/Research | First assault squad dispatched 34719 | -2/Research | Central database locked down 34751 | -2/Research | Discovered new exit (range 84) 34803 | -2/Research | Identified exit to Testing 34905 | -2/Research | Spotted B-90 Cyclops 34906 | -2/Research | Identified Hpw. Transdimensional Reconstructor (x2) 34906 | -2/Research | Warped through subspace 35002 | -2/Research | Warped through subspace 35099 | -2/Research | Entered Testing 35237 | -2/Testing | Found Prototype Hackware 35279 | -2/Testing | Spotted Striker 35314 | -2/Testing | Spotted Alpha 7 35320 | -2/Testing | Assimilated Alpha 7 with formatsys_high 35326 | -2/Testing | Destroyed Striker 35346 | -2/Testing | Found Prototype Device 35457 | -2/Testing | Found Prototype Energy Gun 35458 | -2/Testing | Identified Tachyon Dispersion Ray 35890 | -2/Testing | Identified Ghost Barrier 35890 | -2/Testing | Identified Exp. Actuator Array 35890 | -2/Testing | Identified Terrabomb 35904 | -2/Testing | Found Exp. EM Shield 35959 | -2/Testing | Found Prototype Launcher 36135 | -2/Testing | Scanned by Researcher 36183 | -2/Testing | Identified Z-bomb Delivery System 36209 | -2/Testing | Garrison activated, responded to threat 36248 | -2/Testing | Found Prototype Energy Cannon 36248 | -2/Testing | Identified Disintegrator 36410 | -2/Testing | Spotted Alpha 7 36485 | -2/Testing | Destroyed Alpha 7 36520 | -2/Testing | Found Corrupted Multirail 36569 | -2/Testing | Spotted Fortress 36638 | -2/Testing | Discovered new exit (range 6) 36638 | -2/Testing | Discovered new exit (range 7) 36643 | -2/Testing | Entered Protoforge 36662 | -2/Protoforge | Superfortress began startup sequence 36773 | -2/Protoforge | Spotted B-90 Cyclops 37241 | -2/Protoforge | System corruption reached 30% 37261 | -2/Protoforge | Spotted Hotshot 37266 | -2/Protoforge | Spotted AP7-3 37267 | -2/Protoforge | Spotted AP7-3 37271 | -2/Protoforge | Spotted Overlord 37297 | -2/Protoforge | Spotted Hotshot 37308 | -2/Protoforge | Spotted Hotshot 37331 | -2/Protoforge | Destroyed Hotshot 37337 | -2/Protoforge | Spotted Hotshot 37360 | -2/Protoforge | Destroyed Hotshot 37363 | -2/Protoforge | Destroyed Hotshot 37378 | -2/Protoforge | Destroyed Hotshot 37397 | -2/Protoforge | Lost 5 parts (1p4u) 37429 | -2/Protoforge | Spotted Immortal 37435 | -2/Protoforge | Spotted Immortal 37435 | -2/Protoforge | Spotted Immortal 37489 | -2/Protoforge | Lost 6 parts (1p1n4u) 37504 | -2/Protoforge | Assimilated Overlord with formatsys_high 37519 | -2/Protoforge | Allies destroyed Immortal 37520 | -2/Protoforge | Destroyed Immortal 37536 | -2/Protoforge | Destroyed Immortal 37537 | -2/Protoforge | Found Prototype Protection 37537 | -2/Protoforge | Identified Cep. Core Shell 37542 | -2/Protoforge | Found Corrupted Prototype Device 37544 | -2/Protoforge | Found Corrupted Prototype Device 37552 | -2/Protoforge | Found Prototype Protection 37552 | -2/Protoforge | Identified Centrium Heavy Armor Plating 37555 | -2/Protoforge | Found Prototype Device 37632 | -2/Protoforge | Build established: Scavenger-Mutant 37713 | -2/Protoforge | Destroyed B-90 Cyclops 37778 | -2/Protoforge | Identified Exp. Remote Shield 37779 | -2/Protoforge | Used Terrabomb 37779 | -2/Protoforge | Spotted EXE-6 37779 | -2/Protoforge | Spotted EXE-6 37786 | -2/Protoforge | Core integrity fell below 50% 37790 | -2/Protoforge | Destroyed EXE-6 37803 | -2/Protoforge | Found Exp. Core Analyzer 37814 | -2/Protoforge | Destroyed EXE-6 37827 | -2/Protoforge | Spotted Decapitator 37836 | -2/Protoforge | Spotted Decapitator 37852 | -2/Protoforge | Destroyed Decapitator 37899 | -2/Protoforge | Destroyed Decapitator 38012 | -2/Protoforge | Build established: Scavenger-Tank 38026 | -2/Protoforge | UFD initiated attack on Protoforge 38026 | -2/Protoforge | Loaded intel: 3 recycling unit locations 38062 | -2/Protoforge | Optimus greeted in Protoforge 38072 | -2/Protoforge | Found Prototype Device 38076 | -2/Protoforge | Found Prototype Ballistic Gun 38082 | -2/Protoforge | Identified Exp. Kinecellerator 38084 | -2/Protoforge | Identified Cep. XC Strikerail 38237 | -2/Protoforge | Found Exp. Targeting Computer 38336 | -2/Protoforge | Lost 7 allies 38350 | -2/Protoforge | Spotted Striker 38360 | -2/Protoforge | Spotted Striker 38363 | -2/Protoforge | Spotted Striker 38449 | -2/Protoforge | Forge Plexus network access discovered 38498 | -2/Protoforge | Spotted Executioner 38500 | -2/Protoforge | Destroyed Executioner 38502 | -2/Protoforge | Spotted Striker 38505 | -2/Protoforge | Destroyed Striker 38506 | -2/Protoforge | Spotted Striker 38516 | -2/Protoforge | Destroyed Striker 38575 | -2/Protoforge | Lost 4 allies 38603 | -2/Protoforge | Spotted Executioner 38612 | -2/Protoforge | Destroyed Executioner 38639 | -2/Protoforge | Spotted Hotshot 38647 | -2/Protoforge | Destroyed Hotshot 38722 | -2/Protoforge | Lost 3 allies 38893 | -2/Protoforge | Spotted Striker 38895 | -2/Protoforge | Spotted Striker 38897 | -2/Protoforge | Destroyed Striker 38902 | -2/Protoforge | Spotted Striker 38903 | -2/Protoforge | Spotted Executioner 38904 | -2/Protoforge | Destroyed Striker 38906 | -2/Protoforge | Destroyed Executioner 38952 | -2/Protoforge | Spotted Striker 38954 | -2/Protoforge | Spotted Striker 38962 | -2/Protoforge | Destroyed Striker 38966 | -2/Protoforge | P-80 Master assimilated allied E3-AZM(E) 38983 | -2/Protoforge | Spotted Hotshot 38985 | -2/Protoforge | UFD reported confirmed Drillbomb installation 38990 | -2/Protoforge | Spotted Hotshot 38995 | -2/Protoforge | Spotted Hotshot 38998 | -2/Protoforge | Destroyed Hotshot 39002 | -2/Protoforge | Destroyed Hotshot 39003 | -2/Protoforge | Spotted Executioner 39005 | -2/Protoforge | Spotted Striker 39006 | -2/Protoforge | Spotted Striker 39014 | -2/Protoforge | Spotted Striker 39018 | -2/Protoforge | Spotted Executioner 39020 | -2/Protoforge | Spotted Striker 39023 | -2/Protoforge | Destroyed 8 combat bots 39073 | -2/Protoforge | Destroyed Hotshot 39098 | -2/Protoforge | Lost 10 allies 39098 | -2/Protoforge | Found Cep. XC Strikerail 39101 | -2/Protoforge | Found Cep. XC Strikerail 39170 | -2/Protoforge | UFD reported confirmed Drillbomb installation 39269 | -2/Protoforge | Spotted Striker 39269 | -2/Protoforge | Spotted Executioner 39270 | -2/Protoforge | Spotted 02F22-K 39273 | -2/Protoforge | Spotted Executioner 39283 | -2/Protoforge | Build established: Scavenger-Gunner 39289 | -2/Protoforge | Destroyed Striker 39316 | -2/Protoforge | Spotted 02F15-K 39334 | -2/Protoforge | Destroyed 02F22-K 39348 | -2/Protoforge | Destroyed Executioner 39359 | -2/Protoforge | Destroyed 02F15-K 39391 | -2/Protoforge | Destroyed 10 combat bots 39408 | -2/Protoforge | Lost 7 parts (1p3n2u1w) 39438 | -2/Protoforge | Spotted Executioner 39439 | -2/Protoforge | Spotted Executioner 39441 | -2/Protoforge | Spotted Hotshot 39450 | -2/Protoforge | P-80 Master assimilated allied 02FBK-D 39476 | -2/Protoforge | Spotted Hotshot 39480 | -2/Protoforge | Spotted Hotshot 39483 | -2/Protoforge | Lost 9 allies 39483 | -2/Protoforge | Destroyed Hotshot 39490 | -2/Protoforge | Spotted Hotshot 39492 | -2/Protoforge | Spotted Striker 39493 | -2/Protoforge | Spotted Hotshot 39497 | -2/Protoforge | Spotted Striker 39530 | -2/Protoforge | Spotted Striker 39532 | -2/Protoforge | Spotted Striker 39547 | -2/Protoforge | Spotted Executioner 39573 | -2/Protoforge | P-80 Master assimilated allied 02F26-K 39573 | -2/Protoforge | Spotted 02F26-K 39582 | -2/Protoforge | Spotted Executioner 39609 | -2/Protoforge | Destroyed 02F26-K 39635 | -2/Protoforge | Lost 6 parts (2p1n2u1w) 39642 | -2/Protoforge | Lost 20 allies 39652 | -2/Protoforge | Build established: Scavenger-Tank 39654 | -2/Protoforge | Spotted Hotshot 39663 | -2/Protoforge | Destroyed Hotshot 39663 | -2/Protoforge | Spotted Hotshot 39666 | -2/Protoforge | Destroyed Hotshot 39668 | -2/Protoforge | Spotted Hotshot 39672 | -2/Protoforge | Destroyed Hotshot 39675 | -2/Protoforge | Destroyed Hotshot 39691 | -2/Protoforge | Lost 3 allies 39762 | -2/Protoforge | Spotted Executioner 39764 | -2/Protoforge | Spotted Executioner 39818 | -2/Protoforge | Spotted Executioner 39821 | -2/Protoforge | Destroyed Executioner 39827 | -2/Protoforge | Spotted Striker 39830 | -2/Protoforge | Spotted Executioner 39840 | -2/Protoforge | UFD reported confirmed Drillbomb installation 39863 | -2/Protoforge | Lost 3 allies 39890 | -2/Protoforge | Lost 4 parts (1p2n1u) 39920 | -2/Protoforge | P-80 Master assimilated allied 7X-FWU(E) 39924 | -2/Protoforge | Destroyed Executioner 39961 | -2/Protoforge | Lost 8 allies 40017 | -2/Protoforge | Spotted Executioner 40023 | -2/Protoforge | Spotted Executioner 40025 | -2/Protoforge | Destroyed Executioner 40027 | -2/Protoforge | Destroyed Executioner 40067 | -2/Protoforge | Spotted Executioner 40068 | -2/Protoforge | Found Faulty Cep. Recoil Nullifier 40070 | -2/Protoforge | Found Cep. Recoil Nullifier 40072 | -2/Protoforge | Spotted Executioner 40082 | -2/Protoforge | Core integrity fell below 20% 40159 | -2/Protoforge | Destroyed Executioner 40163 | -2/Protoforge | Spotted Executioner 40165 | -2/Protoforge | Spotted Striker 40166 | -2/Protoforge | Spotted Striker 40170 | -2/Protoforge | Spotted Striker 40201 | -2/Protoforge | Spotted Executioner 40206 | -2/Protoforge | Destroyed Executioner 40214 | -2/Protoforge | Lost 3 parts (2u1w) 40235 | -2/Protoforge | Spotted Executioner 40282 | -2/Protoforge | Spotted Hotshot 40283 | -2/Protoforge | Spotted Hotshot 40284 | -2/Protoforge | Spotted Hotshot 40289 | -2/Protoforge | Spotted Hotshot 40292 | -2/Protoforge | Lost 23 allies 40298 | -2/Protoforge | Destroyed Hotshot 40308 | -2/Protoforge | Destroyed Hotshot 40316 | -2/Protoforge | Found Adv. Kinecellerator 40326 | -2/Protoforge | Spotted Executioner 40328 | -2/Protoforge | Spotted Hotshot 40329 | -2/Protoforge | Spotted Hotshot 40329 | -2/Protoforge | Spotted Hotshot 40330 | -2/Protoforge | Spotted Hotshot 40343 | -2/Protoforge | Found Adv. Kinecellerator 40344 | -2/Protoforge | Destroyed Hotshot 40347 | -2/Protoforge | Destroyed Hotshot 40363 | -2/Protoforge | Spotted Executioner 40381 | -2/Protoforge | Spotted Executioner 40418 | -2/Protoforge | Lost 9 allies 40452 | -2/Protoforge | Spotted Executioner 40459 | -2/Protoforge | Spotted Executioner 40460 | -2/Protoforge | Destroyed Executioner 40461 | -2/Protoforge | Spotted Executioner 40508 | -2/Protoforge | Spotted Executioner 40565 | -2/Protoforge | Lost 10 allies 40614 | -2/Protoforge | Build established: Scavenger-Gunner 40715 | -2/Protoforge | UFD reported confirmed Drillbomb installation 40815 | -2/Protoforge | Spotted Executioner 40948 | -2/Protoforge | Lost 13 allies 40981 | -2/Protoforge | Spotted Executioner 41006 | -2/Protoforge | Spotted Striker 41006 | -2/Protoforge | Spotted Striker 41014 | -2/Protoforge | Destroyed Striker 41032 | -2/Protoforge | Spotted Executioner 41034 | -2/Protoforge | Spotted Striker 41040 | -2/Protoforge | Spotted Striker 41041 | -2/Protoforge | Spotted Striker 41129 | -2/Protoforge | Lost 13 allies 41142 | -2/Protoforge | Spotted Striker 41144 | -2/Protoforge | Spotted Striker 41168 | -2/Protoforge | Destroyed Striker 41173 | -2/Protoforge | Destroyed Striker 41175 | -2/Protoforge | Spotted Executioner 41178 | -2/Protoforge | Destroyed Executioner 41199 | -2/Protoforge | Destroyed 9 combat bots 41237 | -2/Protoforge | Lost 10 allies 41281 | -2/Protoforge | Found Scrap Suit 41360 | -2/Protoforge | Spotted Executioner 41377 | -2/Protoforge | Spotted Executioner 41423 | -2/Protoforge | Lost 10 allies 41475 | -2/Protoforge | Spotted Executioner 41483 | -2/Protoforge | Spotted Executioner 41504 | -2/Protoforge | Found Prototype Device 41505 | -2/Protoforge | Identified Cep. Antimissile System 41529 | -2/Protoforge | Lost 7 allies 41535 | -2/Protoforge | Spotted Striker 41538 | -2/Protoforge | Destroyed Striker 41542 | -2/Protoforge | Spotted Hotshot 41543 | -2/Protoforge | Spotted Hotshot 41546 | -2/Protoforge | Spotted Hotshot 41564 | -2/Protoforge | Destroyed Hotshot 41581 | -2/Protoforge | Destroyed Hotshot 41596 | -2/Protoforge | UFD reported confirmed Drillbomb installation 41598 | -2/Protoforge | Destroyed Hotshot 41621 | -2/Protoforge | Destroyed 7 combat bots 41642 | -2/Protoforge | Spotted Striker 41647 | -2/Protoforge | Destroyed Striker 41663 | -2/Protoforge | Spotted Executioner 41672 | -2/Protoforge | P-80 Master assimilated allied 02FKK-D 41687 | -2/Protoforge | Destroyed Executioner 41690 | -2/Protoforge | Spotted Striker 41697 | -2/Protoforge | Destroyed Striker 41699 | -2/Protoforge | Spotted Executioner 41702 | -2/Protoforge | Destroyed Executioner 41736 | -2/Protoforge | Spotted Executioner 41740 | -2/Protoforge | Spotted Executioner 41740 | -2/Protoforge | UFD reported confirmed Drillbomb installation 41740 | -2/Protoforge | Destroyed by Executioner with Helical Railgun Last Messages --------------- 41731_ N-04 Retriever knocked back. 41732_ N-04 Retriever inserts Ovr. Coil Gun into Forge Plexus. 41732_ 02F59-K destroyed. 41732_ HV Slug penetrates G-73 Enforcer. 41732_ G-73 Enforcer suffers critical hit (Destroy). 41732_ 02F58-K destroyed. 41733_ N-04 Retriever inserts Ovr. Medium Treads into Forge Plexus. 41734_ Slug penetrates S-43 Plague. 41734_ S-43 Plague suffers critical hit (Destroy). 41734_ Destroyed Xenon Bombardment Thruster. 41734_ S-43 Plague suffers critical hit (Blast). 41734_ Destroyed Xenon Bombardment Thruster. 41734_ S-43 Plague destroyed. 41736_ Slug penetrates G-73 Enforcer. 41736_ N-04 Retriever collects Unknown Processor. 41736_ N-04 Retriever collects Unknown Protection. 41738_ N-04 Retriever collects Unknown Processor. 41738_ N-04 Retriever collects Mak. Coolant Network. 41740_ G-73 Enforcer destroyed. 41740_ 0bP_NET: Important update! 6/10 targets ready for detonation. Map ----- +----------------------------------------------------+ | ## % % """""""""""""""""""""""""""""!% | | # % % """""""""""""""""""""""""""""%% | | ! #! %" %% % """""""""""""""""""""""""""""!% | | ! #! "%" " """""""""""""""""""""""""""""!% | | % #%%%""" %"" "" " """""""""""""""""""""""""""""%! | | %%%%%% % "E"""""""""""""""""""""""""""""%% | | %%"%[%% " """"""""""""""""""""""""""" % | | %%%%*=%*&% % % [ """""""""""""""""""""""""""%"[ | | %#%%!=%%%![% ! "" """""""""""""""""""""""""""%%% | | [&#%%[=%%%!%[ " """"""""""""""""""""""""" = | | =!#=%%%!%/%!% """"""""""""""""""""""" "[ | | ![#%*!%%%%**%%% % """"""""""""""""""""" ! | | #% ![[*%%%% %%!"! """""""""""""""""""% | | # # |*%%!&! %%!/ !!= """"""""""""""""" %[ | | # %%! %* %%%/ %!!%!] """"""""""""""" " = % | | # % %% %% *%% %!! """"""""" "" % | | # =%%*!%%% n m"" "%% | | # %%["*! %%"n %""ss " |%!" | | # % % %% ] s " " [=!" | | # % % " SS E """" """" "% | | # " %" "% % " "SS""" "" " """ "" | | # %s % %" " %""%""" " | | # % *% " """ " """ | | # "% %*% % " " "" " | | # " % * " """" s " | | # "" @ "" """ " " | | =#% ] " "" " | | "*# " % " | | "## " " " """"" " | | %%% "" """"""""" """ | | % % ""[ % """"" " " | | #"###;; ;%=;; ############################### | | % # %;=%; #??????????????????????????#"" | | [### ! # #???????????????????????###" | | ## ## ##???????????????????????#"" | | # # #????????????????????????#"" | | # # #????????????????????????#"" | | ## #????????????????????????#"Y | | ### % %#????????????????????????#"" | | ### #% # #???????????????????????#"" | | # ## #??????????????????????#"" | | # #?##??????????????????????###" | | # ##???????????????????????????#"" | | # #????????????????????????????###" | | # ##??????????????????????????????#" | | # #???????????????????????????????## | | # ##????????????????????????????????? | | # ##?????????????????????????????????? | | # ##??????????????????????????????????? | | # ##???????????????????????????????????? | +----------------------------------------------------+ Best States ------------- Heat Dissipation 113 Coolant Potential 120 Energy Generation 67 Energy Capacity 755 Matter Stores 300 Matter Capacity 300 Sight Range 23 Robot Scan Range 20 Terrain Scan Density 210 Jamming Range 16 Additional Mass Support 20 Armor Coverage 1200 Resistance: TH 20 Resistance: EM 75 Core Shielding 90 Propulsion Shielding 90 Weapon Shielding 90 Weapon Cycling 30 Evasion (%) 70 Targeting Accuracy 12 Core Analysis 8 Recoil Reduction 99 Kinecelleration 66 Offensive Hacking 14 Defensive Hacking 20 Relay Coupler Types 5 Relay Coupler Value 96 Item Schematics ----------------- Hcp. Storage Unit | -9/Materials | Hacked Exp. Sensor Array | -9/Materials | Scanalyzed Imp. Utility Shielding | -8/Recycling | Hacked Imp. Flight Unit | -8/Recycling | Hacked Cld. Nuclear Pulse Thruster | -3/Quarantine | Archive Cld. Field Propulsion Drive | -3/Quarantine | Archive Adv. Myomer Leg | -3/Quarantine | Archive Centrium Greatsword | -3/Quarantine | Archive Hvy. Hardcell Cannon | -3/Quarantine | Archive Hds. Centrium Wheel | -3/Quarantine | Archive Impact Mace | -3/Quarantine | Archive Hvy. Wave Gun | -3/Quarantine | Archive Adv. Energy Well | -3/Quarantine | Archive Lrn. Phase Cannon | -3/Quarantine | Archive Exp. Myomer Leg | -3/Quarantine | Archive Imp. Matter Compressor | -3/Quarantine | Archive Exp. Power Amplifier | -3/Quarantine | Archive Exp. EM Disruption Field | -3/Quarantine | Archive Spectral Analyzer | -3/Quarantine | Archive Exp. Energy Well | -3/Quarantine | Archive Exp. Biometal Medium Treads | -2/Testing | Archive Com. Particle Reactor | -2/Testing | Archive Hvy. Neutron Cannon | -2/Testing | Archive Ionic Axe | -2/Testing | Archive Cld. Phase Cannon | -2/Testing | Archive Enh. Biometal Leg | -2/Testing | Archive Hvy. Tesla Rifle | -2/Testing | Archive Cld. Impulse Thruster | -2/Testing | Archive Exp. Thermal Generator | -2/Testing | Archive Prc. Phase Gun | -2/Testing | Archive Adv. Quantum Shading Machine | -2/Testing | Archive Enh. Multireflex Exoskeleton | -2/Testing | Archive Cld. Q-thruster | -2/Testing | Archive Imp. Energy Well | -2/Testing | Archive Robot Schematics ------------------ M-13 Machinist | -9/Mines | Hacked L-61 Swordsman | -3/Quarantine | Archive R-06 Scavenger | -3/Quarantine | Archive K-01 Serf | -3/Quarantine | Archive B-60 Warrior | -3/Quarantine | Archive T-07 Excavator | -3/Quarantine | Archive W-44 Eye | -3/Quarantine | Archive P-80 Master | -2/Testing | Archive Fabricated ------------ Linear Accelerator | x2 | -4/Factory | Preloaded Repaired ---------- Arm. Wheel | 16% | -8/Storage Hrd. Medium Armor Plating | 60% | -8/Storage Exp. Sensor Array | 62% | -8/Storage Imp. Heavy Treads | 14% | -5/Factory Studied --------- Wheel | -9/Materials | Hacked Mni. Grenade Launcher | -9/Materials | Hacked Arm. Wheel | -8/Materials | Hacked Arm. Huge Wheel | -6/Factory | Hacked Com. Wheel | -5/Factory | Hacked Hvy. Treads | -5/Factory | Hacked Lgt. Antimatter Reactor | -4/Factory | Hacked Cmb. Antigrav System | -3/Research | Hacked Centrium Wheel | -3/Research | Hacked Enh. Nova Cannon | -2/Research | Hacked Alien Tech Used ----------------- Dimensional Node Initializer Sigix Broadsword Transdimensional Reconstructor High-powered Transdimensional Reconstructor Terrabomb Achievements -------------- Anti-science Crusade Be The Sidekick Bumper Bots Fancy Inventory IP Theft Inventory(Loot) Junior Dev Like A Rock Oppo Buddy Ponder That! Sprinter Super-what Now? Taming Of The Crushers We Are One Challenges ------------ None Game ------ Seed AuthchipTerrorGriptreads Manual? 0 Play Time 10:34:26 Cumulative 991.0 hours Start 2025.10.25 @ 02:23:56 End 2025.10.25 @ 14:01:23 Sessions 9 Manual Loads 0 Difficulty Rogue Special Mode None Game No. 184 Rogue 184 Adventurer 0 Explorer 0 Win Type - Total 56 Types 23/6/10/1/3/1/6/3/2/1 Lore% 92 Gallery% 92 Achievement% 67 Wizard Run 0 Options --------- Layout 0 ASCII 0 Keyboard 0 Movement Numpad Keybinds 0 Fullscreen 1 Font 18/SmallcapsGlow Map View 76x50 Zoom Use 0% Tactical HUD 1 Map Filters NONE Filters NONE Steam 1 RUN: 0d008e9b-1742-497a-875c-f62f3b0a3e8f